 Dungeon Crawl Stone Soup version 0.30.0-20-g3615ddf2f0 (webtiles) character file.

Game seed: 2931619242309896585

672088 qw the Conqueror (level 27, -10/201 HPs)
             Began as a Gargoyle Fighter on June 1, 2023.
             Was the Champion of the Shining One.
             Killed by divine providence
             ... invoked by a daeva
              (16 damage)
             ... in Pandemonium.
             The game lasted 00:53:43 (73259 turns).

qw the Conqueror (Gargoyle Fighter)                Turns: 73259, Time: 00:53:43

Health: -10/201    AC: 71    Str: 43    XL:     27
Magic:  9/9        EV: 23    Int:  7    God:    the Shining One [******]
Gold:   4419       SH: 28    Dex: 17    Spells: 26/26 levels left

rFire   + . .        H - +7 broad axe of Virtue {antimagic, rF+ Dex+4}
rCold   + + .        s - +2 tower shield
rNeg    + + +        c - +15 plate armour "Pitsil" {Str+2}
rPois   inf          b - +1 hat of the Orange Skies {rElec rC+ Int+2 Dex+2}
rElec   +            o - +0 cloak of Okawaru's Regard {Rampage Will+++ Int-4}
rCorr   .            N - +2 pair of gloves {Str+3}
SInv    +            A - +2 pair of slick slippers {slick, slippery, EV+4}
Will    +++++        I - amulet of the Twisting Gods {Faith rPois Slay+2} Stlth
                     j - ring of Luckos {MP-9 AC+4 Dex+4 SInv}
HPRegen 0.53/turn    q - ring of the Octopus King {rC+ HP+2 AC+2 EV+2 SH+2}
MPRegen 0.11/turn

%: rampage, faith
@: about to teleport, flying, glowing
A: sickness immunity, AC +20, big wings, negative energy resistance 1,
electricity resistance, torment resistance 1, petrification resistance, hooves
1, dopey 1, screaming 1, strong 2, subdued magic 1
}: 5/15 runes: decaying, serpentine, slimy, silver, golden
a: Renounce Religion, Divine Shield, Cleansing Flame, Summon Divine Warrior


You were in Pandemonium.
You worshipped the Shining One.
The Shining One was exalted by your worship.
You visited 12 branches of the dungeon, and saw 55 of its levels.
You visited Pandemonium 1 time, and saw 3 of its levels.
You also visited: Gauntlet.

You collected 9343 gold pieces.
You spent 4924 gold pieces at shops.


Innate Abilities, Weirdness & Mutations

You are immune to sickness and miasma.
Your stone body is resilient. (AC +20)
You are immune to poison.
Your large and strong wings let you fly.
You resist negative energy. (rN+)
You are resistant to electric shocks. (rElec)
You are resistant to unholy torment.
You are immune to petrification.
You have large cloven feet.
You are dopey. (Int -2)
You occasionally shout uncontrollably at your foes.
Your muscles are very strong. (Str +8, Int/Dex -2)
Your spells are a little easier to cast, but a little less powerful.


   Skills:
 O Level 27 Fighting
 - Level 18.0 Axes
 - Level 13.0 Throwing
 + Level 23.1 Armour
 - Level 14.0 Dodging
 - Level 23.0 Shields
 - Level 20.9 Invocations


You had 26 spell levels left.
You didn't know any spells.
Your spell library was empty.

Inventory:

Hand Weapons
 G - a +2 broad axe of flaming
 H - the +7 broad axe of Virtue (weapon) {antimagic, rF+ Dex+4}
   (Okawaru gifted it to you on level 3 of the Snake Pit)

   Dex:       It affects your dexterity (+4).
   rF:        It protects you from fire.
Missiles
 g - 2 boomerangs
 u - 2 javelins (quivered)
Armour
 b - the +1 hat of the Orange Skies (worn) {rElec rC+ Int+2 Dex+2}
   (Okawaru gifted it to you on level 2 of the Lair of Beasts)

   Int:       It affects your intelligence (+2).
   Dex:       It affects your dexterity (+2).
   rC:        It protects you from cold.
   rElec:     It insulates you from electricity.
 c - the +15 plate armour "Pitsil" (worn) {Str+2}
   (You found it on level 3 of the Lair of Beasts)

   Str:       It affects your strength (+2).
 n - a scarf of resistance
 o - the +0 cloak of Okawaru's Regard (worn) {Rampage Will+++ Int-4}
   (Okawaru gifted it to you on level 1 of the Depths)

   Int:       It affects your intelligence (-4).
   Rampage:   It bestows one free step when moving towards enemies.
   Will:      It greatly increases your willpower.
 p - the +4 dragonskin cloak
   (You took it off Tiamat on level 1 of the Realm of Zot)

   Avatar's Aegis: It grants the wearer a chance to resist fire, cold, poison,
   electricity, acid, and negative energy.
 r - the +2 hat of Muttered Phrases {Harm rC+}
   (Okawaru gifted it to you on level 3 of the Vaults)

   rC:        It protects you from cold.
   Harm:      It increases damage dealt and taken.
 s - a +2 tower shield (worn)
 y - the +2 cloak of the Candlemaker {rF++ rCorr Str-3 Dex+4}
   (You found it in a Gauntlet)

   Str:       It affects your strength (-3).
   Dex:       It affects your dexterity (+4).
   rF:        It greatly protects you from fire.
   rCorr:     It protects you from acid and corrosion.
 A - the +2 pair of slick slippers (worn) {slick, slippery, EV+4}
   (You found it in a Gauntlet)

   Slick:     Its wearer cannot be constricted, engulfed, netted or webbed.
   Slippery:  Its wearer slips away from damaging melee attacks, pulling the
   attacker onward.
   EV:        It affects your evasion (+4).
 M - a +0 helmet
 N - a +2 pair of gloves of strength (worn)
Jewellery
 j - the ring of Luckos (left hand) {MP-9 AC+4 Dex+4 SInv}
   (You bought it in a shop on level 4 of the Snake Pit)

   [ring of protection]

   AC:        It affects your AC (+4).
   Dex:       It affects your dexterity (+4).
   MP:        It affects your magic capacity (-9).
   SInv:      It lets you see invisible.
 l - a ring of protection from fire
 q - a ring of the Octopus King (right hand) {rC+ HP+2 AC+2 EV+2 SH+2}
   (You took it off a vault warden on level 5 of the Vaults)

   [ring of protection from cold]

   AC:        It affects your AC (+2).
   EV:        It affects your evasion (+2).
   rC:        It protects you from cold.
   HP:        It affects your health (+2).
   SH:        It affects your SH (+2).
 v - the ring of Mistrust {rElec rC+ Will+ Str+6}
   (You found it on level 3 of the Tomb of the Ancients)

   [ring of protection from cold]

   Str:       It affects your strength (+6).
   rC:        It protects you from cold.
   rElec:     It insulates you from electricity.
   Will:      It increases your willpower.
 z - the amulet of the Original Sin {Regen+ Dex+3}
   (You found it on level 3 of the Crypt)

   [amulet of regeneration]

   Dex:       It affects your dexterity (+3).
   Regen:     It increases your rate of health regeneration.
 F - a ring of protection from fire
 I - the amulet of the Twisting Gods (around neck) {Faith rPois Slay+2}
   (You found it on level 3 of the Tomb of the Ancients)

   [amulet of faith]

   It allows you to gain divine favour quickly.
   Slay:      It affects your accuracy & damage with ranged weapons and melee
   (+2).
   rPois:     It protects you from poison.
Wands
 x - a wand of digging (19)
Scrolls
 a - 48 scrolls of identify
 e - a scroll of brand weapon
 E - 5 scrolls of enchant armour
 J - 4 scrolls of enchant weapon
Potions
 d - 10 potions of might
 f - 5 potions of attraction
 h - 7 potions of haste
 k - 16 potions of mutation
 m - 7 potions of lignification
 t - 8 potions of magic
 w - 7 potions of cancellation
 B - 10 potions of curing
 C - 2 potions of resistance

Dungeon Overview and Level Annotations

Branches:
Dungeon (15/15)            Temple (1/1) D:5            Lair (5/5) D:10
  Swamp (4/4) Lair:3        Snake (4/4) Lair:2        Slime (5/5) Lair:4
    Orc (2/2) D:10            Elf (0/3) Orc:2        Vaults (5/5) D:13
  Crypt (3/3) Vaults:3       Tomb (3/3) Crypt:3      Depths (4/4) D:15
    Zot (4/5) Depths:4    Gauntlet (visited)

Altars:
Ashenzari
Cheibriados
Dithmenos
Elyvilon
Fedhas
Gozag
Hepliaklqana
Kikubaaqudgha
Makhleb
Nemelex Xobeh
Okawaru
Qazlal
Ru
Sif Muna
Trog
Uskayaw
Vehumet
Wu Jian
Xom
Yredelemnul
Zin
The Shining One
Jiyva

Shops:
D:7 [   D:12 !   Orc:2 ([[*   Snake:1 (   Snake:4 =:=   Vaults:2 (
Vaults:4 [([   Depths:2 :(

Portals:
Hell: Lair:5 Depths:1 Depths:2 Depths:3 Depths:4
Abyss: Depths:2 Depths:3
Pandemonium: Depths:2 Depths:4
Ziggurat: Depths:3

Annotations:
D:5 1 runed translucent door, Crazy Yiuf
D:11 2 transporters, Ereiziar's ghost, journeyman DsFi
Lair:2 3 runed translucent doors, qw's ghost, journeyman GrFi
Swamp:3 2 runed translucent doors, qw's ghost, adept GrFi
Vaults:2 3 runed translucent doors, Droegar's ghost, adept MiBe
Depths:3 1 transporter
Zot:2 1 transporter


Message History

The angel hits you with a +1 whip of holy wrath!
The angel completely misses you.
You slash the angel!
The angel's magic leaks into the air.
The angel is severely wounded.
You slash the angel!
The angel's magic leaks into the air.
You block the angel's attack. x2; The angel barely misses you.
You block the angel's attack.
You slice the angel!!
The angel's magic leaks into the air.
The angel is almost dead.
You miss the angel. You block the angel's attack. The angel closely misses you.
You block the angel's attack. The angel misses you.
You chop the angel into pieces!!!
You kill the angel!
You miss the angel.
Your surroundings suddenly seem different.
A daeva comes into view.
It is wielding a +3 long sword of holy wrath and wearing the +7 tower shield of the Arcane {Stlth+}.
The daeva shouts!
The daeva calls down the wrath of the Shining One upon you.
The Shining One smites you!
Enter note:
Enter note:
Enter note:
73257 ||| READING scroll of teleportation.
As you read the scroll of teleportation, it crumbles to dust.
You feel strangely unstable.
An apis comes into view.
The daeva calls down the wrath of the Shining One upon you.
The Shining One smites you!
The daeva calls down the wrath of the Shining One upon you.
The Shining One smites you!
Enter note:
Enter note:
Enter note: You slice the daeva!!
The daeva's magic leaks into the air.
The daeva is moderately wounded.
The daeva's magic is no longer disrupted.
The daeva calls down the wrath of the Shining One upon you.
The Shining One smites you!
You die...

#
###'#####
........#
#.#.#.#.+
.....Y.@#
###'####A#
##


You could see an apis and a daeva.

Vanquished Creatures
  the Royal Jelly (Slime:5)
  2 pandemonium lords (Pan)
  Tiamat (Zot:1)
  3 orbs of fire
  An ancient lich (Crypt:3)
  Sojobo (Vaults:4)
  19 royal mummies
  2 Killer Klowns (Zot:1)
  Margery (Crypt:1)
  A curse toe (Zot:4)
  5 golden dragons
  3 bone dragons
  2 electric golems
  A Brimstone Fiend (Pan)
  2 Tzitzimimeh (Pan)
  2 doom hounds (Crypt:1)
  14 tentacled monstrosities
  Rupert (Lair:3)
  Jorgrun (D:13)
  4 liches
  9 deep elf blademasters
  18 titans
  Asterion (Snake:1)
  9 quicksilver dragons
  Grunn (Crypt:1)
  16 acid blobs
  5 deep elf master archers
  18 ancient champions
  14 sphinxes
  An eldritch tentacle (Tomb:2)
  10 death cobs
  Roxanne (D:14)
  5 shadow dragons
  15 storm dragons
  9 tengu reavers
  5 rockslimes
  A thorn hunter (D:13)
  A draconian monk (Zot:2)
  3 daevas (Pan)
  6 revenants
  8 azure jellies
  A demonspawn warmonger (Pan)
  16 fire giants
  7 draconian knights
  18 frost giants
  A deep elf sorcerer (Vaults:5)
  14 nagarajas (Snake:4)
  27 vault wardens
  5 draconian shifters
  Aizul (Vaults:1)
  4 iron dragons
  7 balrugs
  4 draconian scorchers
  6 draconian stormcallers
  5 curse skulls
  3 orc warlords
  12 ghouls
  9 angels (Pan)
  A demonspawn corrupter (Pan)
  5 ophanim (Pan)
  A juggernaut zombie (Crypt:1)
  9 quicksilver oozes (Slime:5)
  5 draconian annihilators
  6 war gargoyles
  7 ironbound thunderhulks
  5 demonspawn blood saints (Pan)
  18 ironbound preservers
  A spriggan defender (Depths:2)
  31 very ugly things
  A broodmother (shapeshifter) (D:14)
  4 caustic shrike skeletons (Crypt:3)
  31 stone giants
  4 vampire knights
  A rockslime zombie (Crypt:3)
  19 green draconians
  5 bunyips
  12 white draconians
  Azrael (D:12)
  4 eleionomae
  14 black draconians
  An apis (Pan)
  17 bennus
  A dire elephant (shapeshifter) (Vaults:5)
  12 red draconians
  4 dire elephants
  A bunyip (shapeshifter) (Depths:1)
  A minotaur (Gauntlet)
  12 purple draconians
  A deep elf annihilator (Vaults:5)
  7 spark wasps
  5 yellow draconians
  3 deep elf death magi
  7 blizzard demons
  2 eidola
  5 fire dragons
  A crystal guardian (Vaults:3)
  Snorg (D:14)
  3 green deaths (Pan)
  16 mummy priests
  6 jiangshi
  10 ettins
  2 shambling mangroves
  19 hydras
  3 entropy weavers
  3 salamander tyrants
  11 ice dragons
  A juggernaut simulacrum (Crypt:2)
  An ice dragon (shapeshifter) (Vaults:5)
  7 great orbs of eyes
  10 yaktaur captains
  6 peacekeepers
  2 ogre magi
  2 catoblepae (Lair:5)
  31 vault guards
  A fenstrider witch zombie (Crypt:1)
  6 boulder beetles
  A death knight (Crypt:3)
  A caustic shrike simulacrum (Depths:3)
  8 ghost crabs
  14 ironbound frosthearts
  An Orb Guardian zombie (Crypt:3)
  5 spriggan air magi
  A spriggan skeleton (Tomb:2)
  4 anacondas
  14 naga warriors
  16 centaur warriors
  13 two-headed ogres
  47 death scarabs
  8 alligators
  4 deep troll shamans
  4 vampire magi
  7 tengu warriors
  6 death yaks
  7 spriggan berserkers
  A bennu skeleton (Crypt:2)
  A deep troll earth mage (Vaults:5)
  16 naga sharpshooters
  Sonja (Orc:1)
  15 sun demons (Pan)
  4 hell knights (Crypt:1)
  8 shock serpents
  2 skysharks
  6 soul eaters
  6 deep elf knights
  4 iron trolls
  11 spriggans
  2 titan skeletons (Crypt:3)
  23 skeletal warriors
  40 deep trolls
  A bunyip zombie (Tomb:2)
  A sixfirhy (Lair:5)
  4 cherubim (Pan)
  A death drake (Swamp:3)
  7 swamp dragons
  4 goliath frogs
  A storm dragon skeleton (Depths:3)
  6 salamander mystics
  A tengu zombie (Crypt:1)
  17 ironbound convokers
  2 spriggan druids (Swamp:3)
  6 glowing orange brains
  A shadow demon (Pan)
  3 flayed ghosts
  7 naga ritualists
  A spriggan simulacrum (Crypt:2)
  Pikel (D:4)
  12 bog bodies
  A fenstrider witch simulacrum (Crypt:1)
  14 wizards
  9 deep elf archers
  16 phantasmal warriors
  An anaconda skeleton (Crypt:1)
  11 deep elf pyromancers
  6 deep elf zephyrmancers
  4 necromancers
  8 orc knights
  9 lindwurms
  A jorogumo zombie (Crypt:2)
  An oklob plant (Lair:5)
  3 cyclopes
  18 salamanders
  5 shining eyes
  5 mana vipers
  5 will-o-the-wisps
  A manticore (D:15)
  49 ugly things
  5 large abominations
  2 sphinx skeletons (Depths:3)
  2 orc sorcerers (Orc:2)
  19 black mambas
  2 guardian serpents (shapeshifter)
  19 vault sentinels
  Maurice (D:12)
  23 moths of wrath
  A black mamba (shapeshifter) (D:14)
  27 elephants
  7 guardian serpents
  7 cane toads
  2 water nymphs (Swamp:4)
  19 naga magi
  2 alligator snapping turtle zombies
  4 torpor snails
  A centaur zombie (Crypt:2)
  13 smoke demons
  A stone giant skeleton (Crypt:3)
  A gargoyle (D:14)
  An apocalypse crab (Gauntlet)
  9 demonic crawlers (Pan)
  A hellion (Pan)
  2 ice statues (Depths:3)
  A dire elephant skeleton (Crypt:3)
  Joseph (Lair:1)
  6 eyes of devastation
  7 unseen horrors
  A catoblepas zombie (Crypt:3)
  A rime drake (shapeshifter) (D:15)
  2 orange demons (Depths:4)
  5 rime drakes
  33 yaktaurs
  A cane toad (shapeshifter) (Vaults:5)
  7 komodo dragons
  5 tengu conjurers (Depths:1)
  2 naga skeletons (Crypt:3)
  An orb spider zombie (Crypt:1)
  2 kobold demonologists
  7 ice devils
  An efreet (D:15)
  A death drake zombie (Crypt:2)
  2 golden dragon simulacra (Depths:3)
  An anaconda simulacrum (Depths:3)
  32 guardian mummies
  A troll (shapeshifter) (D:15)
  A hydra zombie (Crypt:2)
  An unseen horror skeleton (Crypt:3)
  4 polar bears
  A harpy zombie (Crypt:1)
  8 tyrant leeches
  2 hellwings (Pan)
  4 trolls
  3 red devils
  19 blink frogs
  3 harpy skeletons
  15 hornets
  A tarantella (Vaults:2)
  4 dream sheep (Lair:4)
  A raiju (Depths:3)
  A culicivora (Vaults:2)
  15 flying skulls
  A spriggan (shapeshifter) (Vaults:5)
  Sigmund (D:5)
  A guardian serpent skeleton (Crypt:1)
  71 slime creatures
  4 shadows
  An air elemental (Depths:3)
  A dire elephant simulacrum (Crypt:1)
  2 ettin skeletons
  47 yaks
  2 vampires
  A merfolk skeleton (Crypt:3)
  8 wraiths
  3 fire elementals (D:12)
  4 wyverns
  7 ushabtiu
  4 fire bats (D:10)
  A water elemental (Depths:2)
  10 ynoxinuls
  10 golden eyes
  2 black mamba skeletons
  8 basilisks
  3 chaos spawn
  11 small abominations (Depths:3)
  2 steam dragons (D:5)
  11 vampire mosquitoes
  3 redbacks
  Menkaure (D:4)
  A faun zombie (Crypt:2)
  13 swamp worms
  A harpy simulacrum (Depths:3)
  A merfolk zombie (Crypt:3)
  48 nagas
  4 wargs
  Edmund (D:6)
  8 hell hounds
  A swamp worm (shapeshifter) (Vaults:4)
  13 water moccasins
  A floating eye (Depths:3)
  5 swamp drakes
  A fire dragon simulacrum (Depths:3)
  4 sky beasts
  44 orc warriors
  11 ogres
  2 ice beasts
  2 black mamba simulacra (Depths:3)
  A black bear (D:7)
  15 centaurs
  6 boggarts
  19 wolves
  A phantom (D:5)
  A swamp dragon skeleton (Crypt:3)
  A lemure (D:4)
  A kobold brigand (D:9)
  7 necrophages
  A bullfrog (shapeshifter) (Vaults:5)
  9 bullfrogs
  5 scorpions
  19 wights
  2 elephant simulacra (Depths:3)
  7 killer bees
  4 electric eels (D:12)
  A howler monkey (D:8)
  A jelly (D:7)
  A bullfrog zombie (Crypt:3)
  2 lava snakes (D:10)
  4 hounds
  11 orc priests
  2 centaur skeletons
  A bullfrog skeleton (Crypt:3)
  3 iguanas
  18 orc wizards
  4 lightning spires (Depths:3)
  An acid dragon skeleton (Crypt:2)
  An ogre skeleton (Crypt:2)
  33 mummies
  4 gnolls (D:4)
  9 adders
  2 naga simulacra
  A river rat (D:5)
  A swamp drake zombie (Crypt:1)
  5 white imps
  3 ufetubi
  A worm (D:2)
  3 dart slugs
  74 orcs
  5 bats
  A bat zombie (Crypt:1)
  3 endoplasms
  4 giant cockroaches (D:1)
  9 goblins
  6 hobgoblins
  9 kobolds
  6 quokkas
  4 ball pythons
  A frilled lizard (D:1)
  2 hobgoblin skeletons (Crypt:3)
  A jackal skeleton (Crypt:1)
  5 rats
  3 fire vortices (D:10)
  A spectral weapon (Snake:1)
2413 creatures vanquished.

Vanquished Creatures (collateral kills)
  A seraph (Pan)
  12 royal mummies
  Frederick (Crypt:3)
  A Tzitzimitl (Pan)
  A shard shrike skeleton (Tomb:3)
  A titan (Crypt:3)
  2 ancient champions
  A fire giant (Tomb:1)
  A balrug (Pan)
  2 caustic shrike skeletons (Crypt:3)
  An ophan (Pan)
  2 stone giants
  5 bennus
  6 mummy priests
  A spriggan skeleton (Tomb:3)
  18 death scarabs
  A sun demon (Pan)
  A soul eater (Pan)
  A titan skeleton (Crypt:3)
  2 deep elf knights (Crypt:3)
  A skeletal warrior (Tomb:1)
  3 deep elf archers
  A deep elf zephyrmancer (Tomb:1)
  2 deep elf pyromancers
  An iron giant skeleton (Crypt:3)
  A stone giant skeleton (Crypt:3)
  A demonic crawler (Pan)
  2 smoke demons (Pan)
  13 guardian mummies
  2 harpy skeletons (Crypt:3)
  A flying skull (Tomb:1)
  A ynoxinul (Pan)
  3 wights (Crypt:3)
  15 mummies
108 creatures vanquished.

Vanquished Creatures (others)
  An azure jelly (Depths:3)
  A fire giant (Vaults:4)
  A purple draconian (Zot:1)
  2 red draconians
  A blizzard demon (Pan)
  4 hydras (Swamp:4)
  A skeletal warrior (Tomb:2)
  2 spriggan druids (Swamp:4)
  A lindwurm (Swamp:4)
  2 swamp dragons (Swamp:4)
  2 wizards
  An ugly thing (Vaults:3)
  2 bloated husks (Swamp:2)
  2 wraiths (Crypt:1)
  A naga (Snake:4)
  4 swamp drakes (Swamp:4)
  A boggart (Vaults:2)
  A mummy (Tomb:1)
  A ball lightning (Depths:3)
  12 foxfires
43 creatures vanquished.

Grand Total: 2564 creatures vanquished

Notes
Turn   | Place    | Note
-------+----------+-------------------------------------------
     0 | D:1      | qw the Gargoyle Fighter began the quest for the Orb.
     0 | D:1      | Reached XP level 1. HP: 14/14 MP: 1/1
     0 | D:1      | 0 ||| qw: Version: 0.2-a-102-gfc559e5
     0 | D:1      | 0 ||| qw: Game counter: 677
     0 | D:1      | 0 ||| qw: Always use a shield: true
     0 | D:1      | 0 ||| qw: God list: Okawaru
     0 | D:1      | 0 ||| qw: Allow faded altars: false
     0 | D:1      | 0 ||| qw: Do Orc after D:15 true
     0 | D:1      | 0 ||| qw: Do second Lair branch before Depths: true
     0 | D:1      | 0 ||| qw: Lair rune preference: random
     0 | D:1      | 0 ||| qw: Plans: Normal, Zot:1-4, Slime:5, God:TSO, Crypt,
                  | Tomb, Pan, Hells, Abyss, Win
     0 | D:1      | 0 ||| PLANNING D:1-11
   138 | D:1      | Reached XP level 2. HP: 19/19 MP: 2/2
   486 | D:1      | 486 ||| UPGRADING to +0 chain mail.
   496 | D:1      | 496 ||| DROPPING +0 scale mail.
   497 | D:1      | 497 ||| READING 3 scrolls labelled BEUPEE HYGRO.
   498 | D:1      | 498 ||| READING scroll labelled ANIRRO OLON JUM.
   499 | D:1      | 499 ||| READING 2 scrolls labelled FOXTYM OBLULU.
   502 | D:1      | 502 ||| DRINKING 2 fuming red potions.
   502 | D:1      | Gained mutation: You have large cloven feet. [potion of
                  | mutation]
   502 | D:1      | Gained mutation: A frigid envelope surrounds you and
                  | freezes all who hurt you. [potion of mutation]
   503 | D:1      | 503 ||| READING 2 scrolls of identify.
   503 | D:1      | 503 ||| IDENTIFYING sedimented coppery potion
   504 | D:1      | 504 ||| DROPPING potion of invisibility.
   525 | D:2      | Reached skill level 3 in Axes
   525 | D:2      | Reached XP level 3. HP: 18/23 MP: 3/3
   525 | D:2      | 525 ||| STAIRDANCE
   673 | D:2      | 673 ||| Stepping ~*~*~tactically~*~*~ (stealth).
   674 | D:2      | 674 ||| Stepping ~*~*~tactically~*~*~ (stealth).
   706 | D:2      | 706 ||| Stepping ~*~*~tactically~*~*~ (stealth).
   708 | D:2      | 708 ||| Stepping ~*~*~tactically~*~*~ (stealth).
   709 | D:2      | 709 ||| Stepping ~*~*~tactically~*~*~ (stealth).
   852 | D:2      | Reached XP level 4. HP: 25/28 MP: 4/4
   938 | D:2      | 938 ||| Stepping ~*~*~tactically~*~*~ (stealth).
   939 | D:2      | 939 ||| Stepping ~*~*~tactically~*~*~ (stealth).
   941 | D:2      | 941 ||| Stepping ~*~*~tactically~*~*~ (stealth).
   948 | D:2      | 948 ||| Stepping ~*~*~tactically~*~*~ (stealth).
  1107 | D:3      | 1107 ||| DROPPING +0 mace.
  1216 | D:3      | 1216 ||| Stepping ~*~*~tactically~*~*~ (hiding).
  1365 | D:3      | 1365 ||| FLEEEEING.
  1366 | D:3      | 1366 ||| FLEEEEING.
  1367 | D:3      | 1367 ||| FLEEEEING.
  1478 | D:3      | Reached XP level 5. HP: 32/32 MP: 5/5
  1924 | D:3      | 1924 ||| UPGRADING to +0 pair of boots.
  1929 | D:3      | 1929 ||| READING scroll labelled UTOWAB YTO.
  1930 | D:3      | 1930 ||| DRINKING 2 bubbling white potions.
  1931 | D:3      | 1931 ||| DRINKING 2 coppery potions.
  2041 | D:4      | 2041 ||| Stepping ~*~*~tactically~*~*~ (stealth).
  2043 | D:4      | 2043 ||| Stepping ~*~*~tactically~*~*~ (stealth).
  2059 | D:4      | Reached XP level 6. HP: 17/37 MP: 6/6
  2063 | D:4      | HP: 5/37 [gnoll/+0 halberd (7)]
  2065 | D:4      | 2065 ||| DRINKING potion of heal wounds.
  2191 | D:4      | Reached skill level 4 in Fighting
  2232 | D:4      | Noticed Menkaure
  2233 | D:4      | 2233 ||| Stepping ~*~*~tactically~*~*~ (hiding).
  2246 | D:4      | Killed Menkaure
  2247 | D:4      | Reached XP level 7. HP: 37/43 MP: 7/7
  2382 | D:4      | 2382 ||| Stepping ~*~*~tactically~*~*~ (hiding).
  2533 | D:4      | Noticed Pikel
  2548 | D:4      | Killed Pikel
  2549 | D:4      | Reached XP level 8. HP: 43/48 MP: 8/8
  2964 | D:4      | 2964 ||| UPGRADING to +5 ring of evasion.
  2965 | D:4      | 2965 ||| READING scroll labelled NAPHIDD BOCHE.
  2966 | D:4      | 2966 ||| READING 4 scrolls labelled ZIVOPP ASMUEDU.
  2967 | D:4      | 2967 ||| READING scroll labelled ROOHYEJATU.
  2968 | D:4      | 2968 ||| READING 2 scrolls of identify.
  2968 | D:4      | 2968 ||| IDENTIFYING fuming yellow potion
  2969 | D:4      | 2969 ||| DROPPING 3 scrolls of poison.
  2974 | D:5      | Entered Level 5 of the Dungeon
  2975 | D:5      | 2975 ||| PLANNING SEWER
  2985 | D:5      | You fall into a shaft and drop 3 floors!
  3079 | D:8      | 3079 ||| Stepping ~*~*~tactically~*~*~ (stealth).
  3082 | D:8      | 3082 ||| Stepping ~*~*~tactically~*~*~ (stealth).
  3097 | D:8      | Reached skill level 1 in Dodging
  3134 | D:8      | Reached skill level 5 in Fighting
  3154 | D:8      | 3154 ||| Stepping ~*~*~tactically~*~*~ (stealth).
  3156 | D:8      | 3156 ||| Stepping ~*~*~tactically~*~*~ (stealth).
  3215 | D:8      | Reached skill level 6 in Fighting
  3293 | D:8      | 3293 ||| UPGRADING to +0 plate armour.
  3303 | D:8      | 3303 ||| DROPPING +0 chain mail.
  3410 | D:7      | Reached XP level 9. HP: 26/56 MP: 9/9
  3516 | D:7      | 3516 ||| DROPPING +0 flail.
  3674 | D:7      | 3674 ||| Stepping ~*~*~tactically~*~*~ (hiding).
  3789 | D:7      | 3789 ||| Stepping ~*~*~tactically~*~*~ (hiding).
  3791 | D:7      | 3791 ||| Stepping ~*~*~tactically~*~*~ (hiding).
  3793 | D:7      | 3793 ||| Stepping ~*~*~tactically~*~*~ (hiding).
  3795 | D:7      | 3795 ||| Stepping ~*~*~tactically~*~*~ (hiding).
  3798 | D:7      | 3798 ||| DRINKING potion of curing.
  3798 | D:7      | 3798 ||| (to cure confusion)
  3807 | D:7      | Reached skill level 9 in Axes
  3812 | D:7      | 3812 ||| Stepping ~*~*~tactically~*~*~ (stealth).
  3813 | D:7      | 3813 ||| Stepping ~*~*~tactically~*~*~ (stealth).
  3882 | D:7      | 3882 ||| RIP SEWER
  3882 | D:7      | 3882 ||| RIP OSSUARY
  3882 | D:7      | 3882 ||| PLANNING D:1-11
  3882 | D:7      | 3882 ||| READING 2 scrolls labelled HATISU ZOIRU.
  3883 | D:7      | 3883 ||| DROPPING scroll of vulnerability.
  3901 | D:6      | Reached skill level 7 in Fighting
  4104 | D:5      | 4104 ||| PLANNING SEWER
  4313 | D:5      | Found a faded altar of an unknown god.
  4315 | D:5      | Found a staircase to the Ecumenical Temple.
  4432 | D:5      | Noticed Sigmund
  4433 | D:5      | 4433 ||| Stepping ~*~*~tactically~*~*~ (hiding).
  4450 | D:5      | Killed Sigmund
  4451 | D:5      | Reached skill level 6 in Armour
  4533 | D:5      | 4533 ||| Stepping ~*~*~tactically~*~*~ (hiding).
  4635 | D:5      | 4635 ||| Stepping ~*~*~tactically~*~*~ (hiding).
  4917 | D:5      | 4917 ||| RIP SEWER
  4917 | D:5      | 4917 ||| RIP OSSUARY
  4917 | D:5      | 4917 ||| PLANNING TEMPLE
  4917 | D:5      | 4917 ||| UPGRADING to ring of see invisible.
  4918 | D:5      | 4918 ||| READING scroll labelled KIELUO JOPRES.
  4919 | D:5      | 4919 ||| READING scroll labelled YCINOSIBUO.
  4919 | D:5      | Identified a scroll of acquirement
  4919 | D:5      | 4919 ||| ACQUIRING +4 war axe of venom
  4919 | D:5      | Acquired a +4 war axe of venom
  4921 | D:5      | 4921 ||| SWAPPING to +4 war axe of venom.
  4922 | D:5      | 4922 ||| DROPPING +0 war axe.
  4923 | D:5      | 4923 ||| READING scroll labelled DYMNAM OSENO.
  4924 | D:5      | 4924 ||| READING 2 scrolls of identify.
  4924 | D:5      | 4924 ||| IDENTIFYING clear potion
  5004 | Temple   | Entered the Ecumenical Temple
  5061 | Temple   | 5061 ||| PLANNING OKAWARU WORSHIP
  5181 | Temple   | Became a worshipper of Warmaster Okawaru
  5181 | Temple   | 5181 ||| PLANNING D:1-11
  5416 | D:5      | Found a runed translucent door.
  5417 | D:5      | Noticed Crazy Yiuf
  5609 | D:6      | Found a bloodstained altar of Trog.
  5611 | D:6      | Noticed a wizard
  5616 | D:6      | Killed a wizard
  5695 | D:6      | Noticed Edmund
  5703 | D:6      | Killed Edmund
  5704 | D:6      | Reached XP level 10. HP: 63/63 MP: 10/10
  5741 | D:6      | 5741 ||| Stepping ~*~*~tactically~*~*~ (hiding).
  5849 | D:6      | Found a broken altar of Ashenzari.
  6138 | D:6      | 6138 ||| Stepping ~*~*~tactically~*~*~ (stealth).
  6140 | D:6      | 6140 ||| Stepping ~*~*~tactically~*~*~ (hiding).
  6141 | D:6      | 6141 ||| Stepping ~*~*~tactically~*~*~ (hiding).
  6167 | D:6      | 6167 ||| Stepping ~*~*~tactically~*~*~ (stealth).
  6178 | D:6      | 6178 ||| Stepping ~*~*~tactically~*~*~ (stealth).
  6456 | D:6      | 6456 ||| UPGRADING to +0 tower shield.
  6466 | D:6      | 6466 ||| DROPPING +0 buckler.
  6467 | D:6      | 6467 ||| READING scroll labelled SEOXZU CAID.
  6468 | D:6      | 6468 ||| DRINKING 2 brown potions.
  6893 | D:7      | Found Ytsocvar's Antique Armour Shoppe.
  6907 | D:7      | 6907 ||| BUYING cloak (121 gold).
  6907 | D:7      | Bought a cloak for 121 gold pieces
  6907 | D:7      | 6907 ||| BUYING pair of gloves (121 gold).
  6907 | D:7      | Bought a pair of gloves for 121 gold pieces
  6907 | D:7      | 6907 ||| SHOPLISTING smoking chain mail (256 gold, have
                  | 213).
  6911 | D:7      | 6911 ||| UPGRADING to +0 cloak.
  6916 | D:7      | 6916 ||| UPGRADING to +0 pair of gloves.
  6921 | D:7      | 6921 ||| READING 2 scrolls of identify.
  6921 | D:7      | 6921 ||| IDENTIFYING emerald potion
  6922 | D:7      | 6922 ||| DROPPING potion of degeneration.
  7535 | D:9      | 7535 ||| READING scroll of enchant armour.
  7535 | D:9      | 7535 ||| ENCHANTING +0 pair of gloves.
  7587 | D:9      | 7587 ||| SWAPPING to +0 broad axe.
  7588 | D:9      | 7588 ||| DROPPING +5 war axe of venom.
  7596 | D:9      | Identified the +1 buckler of the Meadowlark {rElec Will+
                  | Dex-4 SInv}
  7775 | D:9      | Noticed a kobold demonologist
  7785 | D:9      | Killed a kobold demonologist
  7786 | D:9      | Reached skill level 6 in Shields
  7876 | D:9      | Noticed a two-headed ogre
  7886 | D:9      | Killed a two-headed ogre
  7886 | D:9      | Reached * piety under Okawaru
  8227 | D:10     | Entered Level 10 of the Dungeon
  8244 | D:10     | Reached skill level 1 in Invocations
  8418 | D:10     | Noticed a two-headed ogre
  8419 | D:10     | 8419 ||| INVOKING Heroism.
  8429 | D:10     | Killed a two-headed ogre
  8429 | D:10     | Reached ** piety under Okawaru
  8430 | D:10     | Reached skill level 3 in Invocations
  8474 | D:10     | 8474 ||| READING scroll of enchant weapon.
  8474 | D:10     | 8474 ||| ENCHANTING +0 broad axe.
  8497 | D:10     | Noticed a two-headed ogre
  8498 | D:10     | 8498 ||| Stepping ~*~*~tactically~*~*~ (stealth).
  8500 | D:10     | 8500 ||| INVOKING Heroism.
  8503 | D:10     | Killed a two-headed ogre
  8516 | D:10     | Reached skill level 9 in Shields
  8531 | D:10     | 8531 ||| Stepping ~*~*~tactically~*~*~ (hiding).
  8556 | D:10     | Found a staircase to the Orcish Mines.
  8588 | D:10     | 8588 ||| INVOKING Heroism.
  8590 | D:10     | 8590 ||| Stepping ~*~*~tactically~*~*~ (stealth).
  8643 | D:10     | 8643 ||| INVOKING Heroism.
  8647 | D:10     | Reached XP level 11. HP: 67/67 MP: 11/14
  8742 | D:10     | Noticed a two-headed ogre
  8743 | D:10     | 8743 ||| INVOKING Heroism.
  8752 | D:10     | Killed a two-headed ogre
  8785 | D:10     | 8785 ||| Stepping ~*~*~tactically~*~*~ (hiding).
  8939 | D:10     | Found a staircase to the Lair.
  9122 | D:10     | 9122 ||| Stepping ~*~*~tactically~*~*~ (stealth).
  9161 | D:10     | 9161 ||| INVOKING Heroism.
  9265 | D:10     | Identified the staff of death "Gahizif" {rN+ MP+9}
  9337 | D:10     | 9337 ||| PLANNING LAIR
  9337 | D:10     | 9337 ||| READING 3 scrolls of identify.
  9337 | D:10     | 9337 ||| IDENTIFYING golden potion
  9408 | Lair:1   | Entered Level 1 of the Lair of Beasts
  9409 | Lair:1   | 9409 ||| PLANNING GAUNTLET
  9409 | Lair:1   | 9409 ||| INVOKING Heroism.
  9427 | Lair:1   | 9427 ||| INVOKING Heroism.
  9436 | Lair:1   | Reached skill level 12 in Shields
  9442 | Lair:1   | Reached *** piety under Okawaru
  9493 | Lair:1   | 9493 ||| INVOKING Heroism.
  9541 | Lair:1   | 9541 ||| Stepping ~*~*~tactically~*~*~ (stealth).
  9565 | Lair:1   | Noticed Joseph
  9566 | Lair:1   | 9566 ||| Stepping ~*~*~tactically~*~*~ (hiding).
  9585 | Lair:1   | Killed Joseph
  9713 | Lair:1   | Found a gate leading to a gauntlet.
  9718 | Lair:1   | 9718 ||| DRINKING 2 murky dark potions.
  9765 | Gauntlet | Entered a Gauntlet
  9765 | Gauntlet | Found a transporter.
  9765 | Gauntlet | Found a transporter.
  9783 | Gauntlet | Found a transporter.
  9787 | Gauntlet | Found a transporter.
  9791 | Gauntlet | Found a runed translucent door.
  9793 | Gauntlet | Found a runed translucent door.
  9795 | Gauntlet | Found a transporter.
  9799 | Gauntlet | Found a transporter.
  9807 | Gauntlet | Found a transporter.
  9823 | Gauntlet | Found a transporter.
  9826 | Gauntlet | Noticed a quicksilver ooze
  9837 | Gauntlet | Found a transporter.
  9841 | Gauntlet | Found a transporter.
  9843 | Gauntlet | Noticed a wizard
  9852 | Gauntlet | Found a transporter.
  9853 | Gauntlet | Found a transporter.
  9901 | Gauntlet | 9901 ||| INVOKING Heroism.
 10024 | Gauntlet | Reached skill level 3 in Throwing
 10051 | Gauntlet | Reached **** piety under Okawaru
 10173 | Gauntlet | Identified the +2 cloak of the Candlemaker {rF++ rCorr
                  | Str-3 Dex+4}
 10175 | Gauntlet | 10175 ||| UPGRADING to +2 cloak of the Candlemaker {rF++
                  | rCorr Str-3 Dex+4}.
 10185 | Gauntlet | 10185 ||| DROPPING +0 cloak.
 10188 | Gauntlet | Identified the +8 short sword of the Blowfly {flame, *Slow
                  | rElec Int+3}
 10188 | Gauntlet | Noticed a minotaur
 10189 | Gauntlet | 10189 ||| Stepping ~*~*~tactically~*~*~ (stealth).
 10195 | Gauntlet | 10195 ||| INVOKING Heroism.
 10211 | Gauntlet | Killed a minotaur
 10212 | Gauntlet | Reached skill level 8 in Fighting
 10212 | Gauntlet | Reached XP level 12. HP: 34/73 MP: 15/15
 10333 | Gauntlet | Found the +2 pair of slick slippers {slick, slippery, EV+4}
 10397 | Gauntlet | 10397 ||| UPGRADING to +3 plate armour of cold resistance.
 10407 | Gauntlet | 10407 ||| DROPPING +0 plate armour.
 10408 | Gauntlet | 10408 ||| UPGRADING to +2 pair of slick slippers {slick,
                  | slippery, EV+4}.
 10418 | Gauntlet | 10418 ||| DROPPING +0 pair of boots.
 10432 | Lair:1   | 10432 ||| PLANNING LAIR
 10480 | Lair:1   | 10480 ||| Stepping ~*~*~tactically~*~*~ (stealth).
 10485 | Lair:1   | 10485 ||| Stepping ~*~*~tactically~*~*~ (stealth).
 10519 | Lair:1   | 10519 ||| Stepping ~*~*~tactically~*~*~ (stealth).
 10520 | Lair:1   | 10520 ||| Stepping ~*~*~tactically~*~*~ (stealth).
 10521 | Lair:1   | 10521 ||| Stepping ~*~*~tactically~*~*~ (stealth).
 10526 | Lair:1   | 10526 ||| INVOKING Heroism.
 10556 | Lair:1   | Reached ***** piety under Okawaru
 10557 | Lair:1   | Reached skill level 6 in Invocations
 10567 | Lair:1   | Received a gift from Okawaru
 10720 | Lair:1   | 10720 ||| INVOKING Heroism.
 11055 | Lair:1   | 11055 ||| READING scroll labelled XAETRE AJAC.
 11102 | Lair:1   | 11102 ||| DRINKING 2 bubbling sapphire potions.
 11103 | Lair:1   | 11103 ||| DROPPING potion of brilliance.
 11331 | Lair:2   | 11331 ||| Stepping ~*~*~tactically~*~*~ (hiding).
 11332 | Lair:2   | 11332 ||| Stepping ~*~*~tactically~*~*~ (hiding).
 11334 | Lair:2   | 11334 ||| INVOKING Heroism.
 11476 | Lair:2   | Identified the +1 sling "Hydraslayer" {freeze, Str+4}
 11534 | Lair:2   | 11534 ||| Stepping ~*~*~tactically~*~*~ (hiding).
 11535 | Lair:2   | 11535 ||| Stepping ~*~*~tactically~*~*~ (hiding).
 11536 | Lair:2   | 11536 ||| Stepping ~*~*~tactically~*~*~ (hiding).
 11539 | Lair:2   | 11539 ||| Stepping ~*~*~tactically~*~*~ (hiding).
 11569 | Lair:2   | Found a staircase to the Snake Pit.
 11680 | Lair:2   | 11680 ||| READING scroll of enchant weapon.
 11680 | Lair:2   | 11680 ||| ENCHANTING +1 broad axe.
 11699 | Lair:2   | Found a runed translucent gate.
 11699 | Lair:2   | Found a runed translucent gate.
 11699 | Lair:2   | Found a runed translucent gate.
 11700 | Lair:2   | Noticed qw's ghost (journeyman GrFi)
 11755 | Lair:2   | 11755 ||| INVOKING Heroism.
 11769 | Lair:2   | 11769 ||| INVOKING Heroism.
 11774 | Lair:2   | Identified the +1 hat of the Orange Skies {rElec rC+ Int+2
                  | Dex+2} (Okawaru gifted it to you on level 2 of the Lair of
                  | Beasts)
 11774 | Lair:2   | Received a gift from Okawaru
 11929 | Lair:2   | 11929 ||| UPGRADING to +1 hat of the Orange Skies {rElec
                  | rC+ Int+2 Dex+2}.
 11996 | Lair:3   | Noticed a five-headed hydra
 11997 | Lair:3   | 11997 ||| INVOKING Heroism.
 11998 | Lair:3   | 11998 ||| INVOKING Finesse.
 12002 | Lair:3   | 12002 ||| SWAPPING to +0 morningstar.
 12008 | Lair:3   | Killed a five-headed hydra
 12009 | Lair:3   | 12009 ||| SWAPPING to +2 broad axe.
 12064 | Lair:3   | Noticed Rupert
 12065 | Lair:3   | 12065 ||| INVOKING Heroism.
 12087 | Lair:3   | 12087 ||| FLEEEEING.
 12088 | Lair:3   | 12088 ||| FLEEEEING.
 12089 | Lair:3   | 12089 ||| FLEEEEING.
 12090 | Lair:3   | 12090 ||| FLEEEEING.
 12091 | Lair:3   | 12091 ||| DRINKING 2 potions of curing.
 12091 | Lair:3   | 12091 ||| (to cure confusion)
 12091 | Lair:3   | Paralysed by Rupert for 5 turns
 12097 | Lair:3   | 12097 ||| DRINKING potion of curing.
 12097 | Lair:3   | 12097 ||| (to cure confusion)
 12105 | Lair:3   | Paralysed by Rupert for 4 turns
 12116 | Lair:3   | 12116 ||| FLEEEEING.
 12117 | Lair:3   | 12117 ||| FLEEEEING.
 12118 | Lair:3   | 12118 ||| INVOKING Heroism.
 12119 | Lair:3   | HP: 15/73 [Rupert/+2 battleaxe of distortion (13)]
 12120 | Lair:3   | 12120 ||| READING 8 scrolls of teleportation.
 12121 | Lair:3   | 12121 ||| DRINKING potion of heal wounds.
 12123 | Lair:3   | Killed Rupert
 12356 | Lair:3   | 12356 ||| INVOKING Heroism.
 12358 | Lair:3   | Noticed a death yak
 12362 | Lair:3   | Reached skill level 9 in Invocations
 12362 | Lair:3   | Noticed a death yak
 12362 | Lair:3   | Noticed a death yak
 12364 | Lair:3   | Reached XP level 13. HP: 78/78 MP: 17/19
 12390 | Lair:3   | 12390 ||| INVOKING Heroism.
 12439 | Lair:3   | 12439 ||| INVOKING Heroism.
 12453 | Lair:3   | 12453 ||| INVOKING Heroism.
 12588 | Lair:3   | 12588 ||| Stepping ~*~*~tactically~*~*~ (hiding).
 12589 | Lair:3   | 12589 ||| Stepping ~*~*~tactically~*~*~ (hiding).
 12592 | Lair:3   | Found a staircase to the Swamp.
 12600 | Lair:3   | Reached skill level 9 in Fighting
 12740 | Lair:3   | 12740 ||| INVOKING Heroism.
 12968 | Lair:3   | Identified the +15 plate armour "Pitsil" {Str+2}
 13186 | Lair:3   | 13186 ||| UPGRADING to +15 plate armour "Pitsil" {Str+2}.
 13196 | Lair:3   | 13196 ||| DROPPING +3 plate armour of cold resistance.
 13338 | Lair:4   | 13338 ||| INVOKING Heroism.
 13620 | Lair:4   | 13620 ||| Stepping ~*~*~tactically~*~*~ (stealth).
 13624 | Lair:4   | 13624 ||| INVOKING Heroism.
 13637 | Lair:4   | Reached skill level 12 in Axes
 13787 | Lair:4   | Found a viscous altar of Jiyva.
 13788 | Lair:4   | Found a staircase to the Slime Pits.
 14196 | Lair:4   | 14196 ||| READING scroll labelled NORCHI NIQIOFF.
 14221 | Lair:5   | Entered Level 5 of the Lair of Beasts
 14222 | Lair:5   | 14222 ||| INVOKING Heroism.
 14223 | Lair:5   | 14223 ||| INVOKING Finesse.
 14227 | Lair:5   | 14227 ||| SWAPPING to +0 morningstar.
 14234 | Lair:5   | Reached skill level 9 in Armour
 14234 | Lair:5   | 14234 ||| SWAPPING to +2 broad axe.
 14240 | Lair:5   | 14240 ||| SWAPPING to +0 morningstar.
 14250 | Lair:5   | Received a gift from Okawaru
 14254 | Lair:5   | Reached skill level 3 in Dodging
 14254 | Lair:5   | 14254 ||| SWAPPING to +2 broad axe.
 14262 | Lair:5   | Gained mutation: Your large and strong wings let you fly.
                  | [Gargoyle growth]
 14262 | Lair:5   | Reached XP level 14. HP: 61/86 MP: 16/21
 14269 | Lair:5   | Received a gift from Okawaru
 14273 | Lair:5   | Reached skill level 10 in Fighting
 14313 | Lair:5   | 14313 ||| FLEEEEING.
 14314 | Lair:5   | 14314 ||| STAIRDANCE
 14459 | Lair:5   | Reached ****** piety under Okawaru
 14574 | Lair:5   | Found a basalt altar of Yredelemnul.
 14596 | Lair:5   | Found a blossoming altar of Fedhas.
 14612 | Lair:5   | 14612 ||| INVOKING Heroism.
 14613 | Lair:5   | 14613 ||| INVOKING Finesse.
 14738 | Lair:5   | 14738 ||| INVOKING Heroism.
 14739 | Lair:5   | 14739 ||| INVOKING Finesse.
 14744 | Lair:5   | 14744 ||| SWAPPING to +0 morningstar.
 14746 | Lair:5   | 14746 ||| SWAPPING to +2 broad axe.
 14840 | Lair:5   | 14840 ||| Stepping ~*~*~tactically~*~*~ (stealth).
 14843 | Lair:5   | 14843 ||| Stepping ~*~*~tactically~*~*~ (stealth).
 14883 | Lair:5   | Reached skill level 15 in Shields
 14891 | Lair:5   | 14891 ||| INVOKING Heroism.
 14892 | Lair:5   | 14892 ||| INVOKING Finesse.
 14893 | Lair:5   | 14893 ||| SWAPPING to +0 morningstar.
 14894 | Lair:5   | 14894 ||| INVOKING Finesse.
 14900 | Lair:5   | 14900 ||| SWAPPING to +2 broad axe.
 15004 | Lair:5   | 15004 ||| Stepping ~*~*~tactically~*~*~ (hiding).
 15007 | Lair:5   | 15007 ||| INVOKING Heroism.
 15008 | Lair:5   | 15008 ||| INVOKING Finesse.
 15075 | Lair:5   | 15075 ||| Stepping ~*~*~tactically~*~*~ (hiding).
 15082 | Lair:5   | Received a gift from Okawaru
 15189 | Lair:5   | Found a burning altar of Makhleb.
 15190 | Lair:5   | 15190 ||| Stepping ~*~*~tactically~*~*~ (hiding).
 15191 | Lair:5   | 15191 ||| Stepping ~*~*~tactically~*~*~ (hiding).
 15193 | Lair:5   | 15193 ||| INVOKING Heroism.
 15195 | Lair:5   | 15195 ||| INVOKING Finesse.
 15260 | Lair:5   | Found a gateway to Hell.
 15260 | Lair:5   | Found the +5 Storm Queen's Shield {shock, Fly rElec}
 15534 | Lair:5   | 15534 ||| INVOKING Heroism.
 15535 | Lair:5   | 15535 ||| INVOKING Finesse.
 15536 | Lair:5   | 15536 ||| INVOKING Finesse.
 15538 | Lair:5   | 15538 ||| SWAPPING to +0 morningstar.
 15543 | Lair:5   | 15543 ||| SWAPPING to +2 broad axe.
 15618 | Lair:5   | 15618 ||| INVOKING Heroism.
 15699 | Lair:5   | 15699 ||| PLANNING D:1-11
 15963 | D:11     | 15963 ||| Stepping ~*~*~tactically~*~*~ (hiding).
 16185 | D:11     | Found a transporter.
 16195 | D:11     | Found a transporter.
 16206 | D:11     | Noticed Ereiziar's ghost (journeyman DsFi)
 16235 | D:11     | 16235 ||| Stepping ~*~*~tactically~*~*~ (hiding).
 16766 | D:11     | 16766 ||| PLANNING D
 16849 | D:12     | Noticed Maurice
 16861 | D:12     | Killed Maurice
 16862 | D:12     | Reached XP level 15. HP: 92/92 MP: 22/22
 16888 | D:12     | 16888 ||| Stepping ~*~*~tactically~*~*~ (hiding).
 16898 | D:12     | Received a gift from Okawaru
 17049 | D:12     | 17049 ||| Stepping ~*~*~tactically~*~*~ (hiding).
 17077 | D:12     | 17077 ||| Stepping ~*~*~tactically~*~*~ (stealth).
 17080 | D:12     | 17080 ||| Stepping ~*~*~tactically~*~*~ (stealth).
 17080 | D:12     | Noticed Azrael
 17081 | D:12     | 17081 ||| INVOKING Heroism.
 17082 | D:12     | 17082 ||| INVOKING Finesse.
 17109 | D:12     | 17109 ||| INVOKING Heroism.
 17117 | D:12     | Killed Azrael
 17214 | D:12     | 17214 ||| Stepping ~*~*~tactically~*~*~ (stealth).
 17292 | D:12     | 17292 ||| Stepping ~*~*~tactically~*~*~ (stealth).
 17300 | D:12     | 17300 ||| Stepping ~*~*~tactically~*~*~ (stealth).
 17335 | D:12     | Found Osabetus's Distillery.
 17347 | D:12     | 17347 ||| BUYING potion of attraction (42 gold).
 17347 | D:12     | Bought a potion of attraction for 42 gold pieces
 17347 | D:12     | 17347 ||| BUYING potion of curing (42 gold).
 17347 | D:12     | Bought a potion of curing for 42 gold pieces
 17347 | D:12     | 17347 ||| BUYING potion of heal wounds (70 gold).
 17347 | D:12     | Bought a potion of heal wounds for 70 gold pieces
 17347 | D:12     | 17347 ||| BUYING potion of heal wounds (70 gold).
 17347 | D:12     | Bought a potion of heal wounds for 70 gold pieces
 17347 | D:12     | 17347 ||| BUYING potion of lignification (42 gold).
 17347 | D:12     | Bought a potion of lignification for 42 gold pieces
 17347 | D:12     | 17347 ||| BUYING potion of magic (112 gold).
 17347 | D:12     | Bought a potion of magic for 112 gold pieces
 17376 | D:12     | Reached skill level 11 in Fighting
 17459 | D:12     | Received a gift from Okawaru
 17629 | D:12     | 17629 ||| UPGRADING to amulet of regeneration.
 17634 | D:12     | 17634 ||| READING scroll labelled CITRIU TIZO.
 17635 | D:12     | 17635 ||| READING 9 scrolls of identify.
 17635 | D:12     | 17635 ||| IDENTIFYING purple potion
 17636 | D:12     | 17636 ||| DROPPING potion of berserk rage.
 17671 | D:13     | 17671 ||| INVOKING Heroism.
 17683 | D:13     | 17683 ||| READING 8 scrolls of teleportation.
 17772 | D:13     | 17772 ||| Stepping ~*~*~tactically~*~*~ (hiding).
 17777 | D:13     | 17777 ||| INVOKING Heroism.
 17865 | D:13     | Noticed Jorgrun
 17866 | D:13     | 17866 ||| INVOKING Heroism.
 17868 | D:13     | Noticed a thorn hunter
 17877 | D:13     | 17877 ||| SWAPPING to +0 morningstar.
 17882 | D:13     | Killed a thorn hunter
 17883 | D:13     | 17883 ||| INVOKING Finesse.
 17885 | D:13     | 17885 ||| SWAPPING to +2 broad axe.
 17900 | D:13     | Killed Jorgrun
 17914 | D:13     | 17914 ||| Stepping ~*~*~tactically~*~*~ (hiding).
 17941 | D:13     | 17941 ||| Stepping ~*~*~tactically~*~*~ (stealth).
 17943 | D:13     | 17943 ||| Stepping ~*~*~tactically~*~*~ (hiding).
 17955 | D:13     | Found the +1 robe of Vines {NoPotionHeal Regen++++}
 17964 | D:13     | 17964 ||| Stepping ~*~*~tactically~*~*~ (stealth).
 17972 | D:13     | 17972 ||| Stepping ~*~*~tactically~*~*~ (stealth).
 17973 | D:13     | 17973 ||| INVOKING Heroism.
 17979 | D:13     | 17979 ||| SWAPPING to +0 morningstar.
 17981 | D:13     | Received a gift from Okawaru
 17982 | D:13     | 17982 ||| SWAPPING to +2 broad axe.
 18066 | D:13     | Found a gate to the Vaults.
 18304 | D:13     | 18304 ||| READING scroll labelled HYIRCH ROTE.
 18447 | D:14     | Noticed Snorg
 18449 | D:14     | 18449 ||| Stepping ~*~*~tactically~*~*~ (hiding).
 18458 | D:14     | 18458 ||| INVOKING Heroism.
 18459 | D:14     | Killed Snorg
 18501 | D:14     | Noticed a tengu reaver
 18504 | D:14     | 18504 ||| INVOKING Heroism.
 18511 | D:14     | Reached skill level 15 in Axes
 18538 | D:14     | Killed a tengu reaver
 18547 | D:14     | 18547 ||| INVOKING Heroism.
 18582 | D:14     | Received a gift from Okawaru
 18594 | D:14     | 18594 ||| Stepping ~*~*~tactically~*~*~ (stealth).
 18602 | D:14     | 18602 ||| INVOKING Finesse.
 18609 | D:14     | 18609 ||| INVOKING Heroism.
 18625 | D:14     | 18625 ||| SWAPPING to +0 morningstar.
 18629 | D:14     | 18629 ||| SWAPPING to +2 broad axe.
 18675 | D:14     | Reached skill level 12 in Fighting
 18679 | D:14     | 18679 ||| INVOKING Heroism.
 18688 | D:14     | Received a gift from Okawaru
 18717 | D:14     | 18717 ||| Stepping ~*~*~tactically~*~*~ (hiding).
 18924 | D:14     | 18924 ||| Stepping ~*~*~tactically~*~*~ (hiding).
 18926 | D:14     | 18926 ||| Stepping ~*~*~tactically~*~*~ (hiding).
 18944 | D:14     | Reached skill level 6 in Throwing
 18967 | D:14     | 18967 ||| READING scroll of enchant weapon.
 18967 | D:14     | 18967 ||| ENCHANTING +2 broad axe.
 19025 | D:14     | 19025 ||| Stepping ~*~*~tactically~*~*~ (hiding).
 19034 | D:14     | 19034 ||| Stepping ~*~*~tactically~*~*~ (hiding).
 19055 | D:14     | 19055 ||| Stepping ~*~*~tactically~*~*~ (stealth).
 19056 | D:14     | Noticed Roxanne
 19057 | D:14     | 19057 ||| INVOKING Heroism.
 19058 | D:14     | 19058 ||| INVOKING Finesse.
 19100 | D:14     | Killed Roxanne
 19100 | D:14     | Received a gift from Okawaru
 19101 | D:14     | Reached XP level 16. HP: 86/101 MP: 18/23
 19196 | D:14     | 19196 ||| Stepping ~*~*~tactically~*~*~ (stealth).
 19198 | D:14     | 19198 ||| Stepping ~*~*~tactically~*~*~ (stealth).
 19199 | D:14     | 19199 ||| Stepping ~*~*~tactically~*~*~ (stealth).
 19206 | D:14     | 19206 ||| Stepping ~*~*~tactically~*~*~ (hiding).
 19321 | D:14     | 19321 ||| Stepping ~*~*~tactically~*~*~ (stealth).
 19322 | D:14     | 19322 ||| Stepping ~*~*~tactically~*~*~ (stealth).
 19649 | D:14     | 19649 ||| Stepping ~*~*~tactically~*~*~ (hiding).
 19798 | D:15     | Entered Level 15 of the Dungeon
 19800 | D:15     | Found a staircase to the Depths.
 19801 | D:15     | 19801 ||| INVOKING Heroism.
 19932 | D:15     | 19932 ||| Stepping ~*~*~tactically~*~*~ (hiding).
 19933 | D:15     | 19933 ||| Stepping ~*~*~tactically~*~*~ (hiding).
 19951 | D:15     | 19951 ||| INVOKING Heroism.
 19956 | D:15     | 19956 ||| SWAPPING to +0 morningstar.
 19959 | D:15     | 19959 ||| SWAPPING to +3 broad axe.
 19965 | D:15     | Found a frozen archway.
 20036 | D:15     | 20036 ||| Stepping ~*~*~tactically~*~*~ (hiding).
 20200 | D:15     | 20200 ||| INVOKING Heroism.
 20244 | D:15     | 20244 ||| INVOKING Heroism.
 20298 | D:15     | 20298 ||| INVOKING Heroism.
 20718 | D:15     | 20718 ||| PLANNING ORC
 20718 | D:15     | 20718 ||| DROPPING scarf of shadows.
 20719 | D:15     | 20719 ||| DROPPING amulet of guardian spirit.
 20908 | Orc:1    | Entered Level 1 of the Orcish Mines
 20910 | Orc:1    | Noticed Sonja
 20911 | Orc:1    | 20911 ||| INVOKING Finesse.
 20924 | Orc:1    | Killed Sonja
 20934 | Orc:1    | 20934 ||| INVOKING Heroism.
 21004 | Orc:1    | You are sucked into a shaft and drop 1 floor!
 21004 | Orc:2    | Entered Level 2 of the Orcish Mines
 21018 | Orc:2    | 21018 ||| Stepping ~*~*~tactically~*~*~ (hiding).
 21021 | Orc:2    | 21021 ||| Stepping ~*~*~tactically~*~*~ (hiding).
 21029 | Orc:2    | 21029 ||| Stepping ~*~*~tactically~*~*~ (hiding).
 21039 | Orc:2    | 21039 ||| Stepping ~*~*~tactically~*~*~ (hiding).
 21052 | Orc:2    | 21052 ||| Stepping ~*~*~tactically~*~*~ (hiding).
 21059 | Orc:2    | 21059 ||| INVOKING Heroism.
 21122 | Orc:2    | 21122 ||| Stepping ~*~*~tactically~*~*~ (hiding).
 21174 | Orc:2    | 21174 ||| Stepping ~*~*~tactically~*~*~ (hiding).
 21175 | Orc:2    | 21175 ||| INVOKING Heroism.
 21210 | Orc:2    | Found Cuming's Assorted Antiques.
 21230 | Orc:2    | Found Hecser's Armour Shop.
 21230 | Orc:2    | Found Vaxzapeh's Antique Armour Emporium.
 21230 | Orc:2    | Found Femigaotogu's Weapon Shoppe.
 21231 | Orc:2    | 21231 ||| INVOKING Finesse.
 21258 | Orc:2    | 21258 ||| INVOKING Heroism.
 21321 | Orc:2    | 21321 ||| BUYING +6 acid dragon scales "Diomuh" {-Tele
                  | rElec rC+ rCorr} (1092 gold).
 21321 | Orc:2    | Bought the +6 acid dragon scales "Diomuh" {-Tele rElec rC+
                  | rCorr} for 1092 gold pieces
 21329 | Orc:2    | 21329 ||| BUYING potion of magic (208 gold).
 21329 | Orc:2    | Bought a potion of magic for 208 gold pieces
 21329 | Orc:2    | 21329 ||| SHOPLISTING scroll of teleportation (78 gold,
                  | have 4).
 21385 | Orc:2    | Found a staircase to the Elven Halls.
 21629 | Orc:1    | 21629 ||| Stepping ~*~*~tactically~*~*~ (hiding).
 21630 | Orc:1    | 21630 ||| Stepping ~*~*~tactically~*~*~ (hiding).
 22004 | Orc:2    | 22004 ||| PLANNING SWAMP:1-3
 22177 | Swamp:1  | Entered Level 1 of the Swamp
 22191 | Swamp:1  | 22191 ||| INVOKING Heroism.
 22231 | Swamp:1  | 22231 ||| Stepping ~*~*~tactically~*~*~ (hiding).
 22243 | Swamp:1  | 22243 ||| Stepping ~*~*~tactically~*~*~ (cloud).
 22416 | Swamp:1  | 22416 ||| Stepping ~*~*~tactically~*~*~ (hiding).
 22628 | Swamp:1  | 22628 ||| INVOKING Heroism.
 22632 | Swamp:1  | 22632 ||| SWAPPING to +0 morningstar.
 22637 | Swamp:1  | 22637 ||| SWAPPING to +3 broad axe.
 22643 | Swamp:1  | 22643 ||| Stepping ~*~*~tactically~*~*~ (cloud).
 22713 | Swamp:1  | 22713 ||| INVOKING Heroism.
 22744 | Swamp:1  | 22744 ||| READING 14 scrolls of identify.
 22744 | Swamp:1  | 22744 ||| IDENTIFYING smoky orange potion
 22745 | Swamp:1  | 22745 ||| DROPPING potion of flight.
 22794 | Swamp:2  | 22794 ||| INVOKING Heroism.
 22803 | Swamp:2  | Received a gift from Okawaru
 22928 | Swamp:2  | 22928 ||| Stepping ~*~*~tactically~*~*~ (stealth).
 22945 | Swamp:2  | 22945 ||| INVOKING Heroism.
 23377 | Swamp:3  | 23377 ||| INVOKING Heroism.
 23432 | Swamp:3  | Reached XP level 17. HP: 101/106 MP: 24/24
 23465 | Swamp:3  | 23465 ||| Stepping ~*~*~tactically~*~*~ (hiding).
 23535 | Swamp:3  | Received a gift from Okawaru
 23575 | Swamp:3  | 23575 ||| INVOKING Heroism.
 23611 | Swamp:3  | 23611 ||| Stepping ~*~*~tactically~*~*~ (hiding).
 23614 | Swamp:3  | 23614 ||| INVOKING Heroism.
 23656 | Swamp:3  | 23656 ||| SWAPPING to +0 morningstar.
 23661 | Swamp:3  | 23661 ||| SWAPPING to +3 broad axe.
 23731 | Swamp:3  | Received a gift from Okawaru
 23861 | Swamp:3  | 23861 ||| INVOKING Heroism.
 23889 | Swamp:3  | 23889 ||| Stepping ~*~*~tactically~*~*~ (stealth).
 23989 | Swamp:3  | 23989 ||| Stepping ~*~*~tactically~*~*~ (stealth).
 23991 | Swamp:3  | 23991 ||| Stepping ~*~*~tactically~*~*~ (stealth).
 24174 | Swamp:3  | Found a large runed translucent door.
 24174 | Swamp:3  | Found a large runed translucent door.
 24184 | Swamp:3  | Noticed qw's ghost (adept GrFi)
 24190 | Swamp:3  | 24190 ||| PLANNING SNAKE:1-3
 24190 | Swamp:3  | 24190 ||| UPGRADING to amulet of faith.
 24271 | Swamp:1  | 24271 ||| Stepping ~*~*~tactically~*~*~ (stealth).
 24272 | Swamp:1  | 24272 ||| Stepping ~*~*~tactically~*~*~ (stealth).
 24302 | Snake:1  | Entered Level 1 of the Snake Pit
 24328 | Snake:1  | 24328 ||| Stepping ~*~*~tactically~*~*~ (hiding).
 24332 | Snake:1  | 24332 ||| INVOKING Heroism.
 24362 | Snake:1  | 24362 ||| Stepping ~*~*~tactically~*~*~ (hiding).
 24375 | Snake:1  | 24375 ||| INVOKING Heroism.
 24383 | Snake:1  | Reached skill level 13 in Fighting
 24385 | Snake:1  | 24385 ||| Stepping ~*~*~tactically~*~*~ (hiding).
 24420 | Snake:1  | Received a gift from Okawaru
 24531 | Snake:1  | 24531 ||| DROPPING +0 morningstar.
 24584 | Snake:1  | Noticed Asterion
 24585 | Snake:1  | 24585 ||| INVOKING Heroism.
 24586 | Snake:1  | 24586 ||| INVOKING Finesse.
 24606 | Snake:1  | Killed Asterion
 24745 | Snake:1  | 24745 ||| Stepping ~*~*~tactically~*~*~ (hiding).
 24747 | Snake:1  | 24747 ||| Stepping ~*~*~tactically~*~*~ (hiding).
 24762 | Snake:1  | 24762 ||| Stepping ~*~*~tactically~*~*~ (stealth).
 24930 | Snake:1  | 24930 ||| Stepping ~*~*~tactically~*~*~ (hiding).
 25040 | Snake:1  | 25040 ||| Stepping ~*~*~tactically~*~*~ (hiding).
 25056 | Snake:1  | Reached skill level 12 in Armour
 25069 | Snake:1  | 25069 ||| Stepping ~*~*~tactically~*~*~ (stealth).
 25072 | Snake:1  | 25072 ||| Stepping ~*~*~tactically~*~*~ (stealth).
 25076 | Snake:1  | 25076 ||| Stepping ~*~*~tactically~*~*~ (stealth).
 25170 | Snake:1  | 25170 ||| Stepping ~*~*~tactically~*~*~ (hiding).
 25327 | Snake:1  | Received a gift from Okawaru
 25491 | Snake:1  | Found Waeturi's Antique Weapon Boutique.
 25496 | Snake:1  | 25496 ||| BUYING faintly glowing morningstar (252 gold).
 25496 | Snake:1  | Bought a faintly glowing morningstar for 252 gold pieces
 25496 | Snake:1  | Identified the +2 morningstar of Onliz {elec, rC+ Dex+2}
                  | (You bought it in a shop on level 1 of the Snake Pit)
 25498 | Snake:1  | 25498 ||| Stepping ~*~*~tactically~*~*~ (hiding).
 25654 | Snake:2  | 25654 ||| Stepping ~*~*~tactically~*~*~ (hiding).
 25655 | Snake:2  | 25655 ||| Stepping ~*~*~tactically~*~*~ (hiding).
 25949 | Snake:2  | 25949 ||| Stepping ~*~*~tactically~*~*~ (hiding).
 25951 | Snake:2  | 25951 ||| Stepping ~*~*~tactically~*~*~ (hiding).
 25961 | Snake:2  | Received a gift from Okawaru
 26040 | Snake:2  | 26040 ||| Stepping ~*~*~tactically~*~*~ (hiding).
 26041 | Snake:2  | 26041 ||| INVOKING Heroism.
 26210 | Snake:2  | 26210 ||| Stepping ~*~*~tactically~*~*~ (hiding).
 26236 | Snake:2  | 26236 ||| INVOKING Heroism.
 26240 | Snake:2  | Received a gift from Okawaru
 26358 | Snake:2  | 26358 ||| Stepping ~*~*~tactically~*~*~ (hiding).
 26359 | Snake:2  | 26359 ||| Stepping ~*~*~tactically~*~*~ (hiding).
 26360 | Snake:2  | 26360 ||| INVOKING Heroism.
 27366 | Snake:3  | Identified the +7 broad axe of Virtue {antimagic, rF+
                  | Dex+4} (Okawaru gifted it to you on level 3 of the Snake
                  | Pit)
 27366 | Snake:3  | Received a gift from Okawaru
 27368 | Snake:3  | 27368 ||| SWAPPING to +7 broad axe of Virtue {antimagic,
                  | rF+ Dex+4}.
 27369 | Snake:3  | 27369 ||| DROPPING +3 broad axe.
 27658 | Snake:3  | 27658 ||| PLANNING SWAMP:4
 27658 | Snake:3  | 27658 ||| DROPPING +1 pair of gloves.
 27808 | Swamp:4  | Entered Level 4 of the Swamp
 27815 | Swamp:4  | 27815 ||| INVOKING Heroism.
 27847 | Swamp:4  | 27847 ||| INVOKING Heroism.
 27918 | Swamp:4  | 27918 ||| Stepping ~*~*~tactically~*~*~ (hiding).
 27919 | Swamp:4  | 27919 ||| Stepping ~*~*~tactically~*~*~ (hiding).
 27921 | Swamp:4  | 27921 ||| Stepping ~*~*~tactically~*~*~ (hiding).
 27936 | Swamp:4  | 27936 ||| INVOKING Heroism.
 27943 | Swamp:4  | 27943 ||| Stepping ~*~*~tactically~*~*~ (hiding).
 27957 | Swamp:4  | 27957 ||| Stepping ~*~*~tactically~*~*~ (hiding).
 27959 | Swamp:4  | 27959 ||| Stepping ~*~*~tactically~*~*~ (hiding).
 27980 | Swamp:4  | 27980 ||| Stepping ~*~*~tactically~*~*~ (stealth).
 27982 | Swamp:4  | 27982 ||| Stepping ~*~*~tactically~*~*~ (stealth).
 27984 | Swamp:4  | 27984 ||| Stepping ~*~*~tactically~*~*~ (hiding).
 28081 | Swamp:4  | 28081 ||| Stepping ~*~*~tactically~*~*~ (cloud).
 28117 | Swamp:4  | 28117 ||| Stepping ~*~*~tactically~*~*~ (hiding).
 28166 | Swamp:4  | Reached skill level 18 in Axes
 28235 | Swamp:4  | 28235 ||| INVOKING Heroism.
 28238 | Swamp:4  | 28238 ||| SWAPPING to +1 demon whip of venom.
 28247 | Swamp:4  | 28247 ||| SWAPPING to +7 broad axe of Virtue {antimagic,
                  | rF+ Dex+4}.
 28248 | Swamp:4  | 28248 ||| SWAPPING to +1 demon whip of venom.
 28254 | Swamp:4  | 28254 ||| SWAPPING to +7 broad axe of Virtue {antimagic,
                  | rF+ Dex+4}.
 28256 | Swamp:4  | 28256 ||| SWAPPING to +1 demon whip of venom.
 28257 | Swamp:4  | Received a gift from Okawaru
 28264 | Swamp:4  | 28264 ||| SWAPPING to +7 broad axe of Virtue {antimagic,
                  | rF+ Dex+4}.
 28267 | Swamp:4  | Reached XP level 18. HP: 84/114 MP: 8/25
 28317 | Swamp:4  | 28317 ||| Stepping ~*~*~tactically~*~*~ (cloud).
 28335 | Swamp:4  | 28335 ||| INVOKING Heroism.
 28526 | Swamp:4  | 28526 ||| DROPPING +2 morningstar of Onliz {elec, rC+
                  | Dex+2}.
 28527 | Swamp:4  | 28527 ||| DROPPING +1 demon whip of venom.
 28544 | Swamp:4  | Got a decaying rune of Zot
 28867 | Swamp:4  | 28867 ||| PLANNING VAULTS:1-4
 28867 | Swamp:4  | 28867 ||| READING 18 scrolls of identify.
 28867 | Swamp:4  | 28867 ||| IDENTIFYING sapphire potion
 29070 | Vaults:1 | Entered Level 1 of the Vaults
 29248 | Vaults:1 | Reached skill level 14 in Fighting
 29286 | Vaults:1 | Received a gift from Okawaru
 29398 | Vaults:1 | Reached skill level 18 in Shields
 29401 | Vaults:1 | Received a gift from Okawaru
 29432 | Vaults:1 | Received a gift from Okawaru
 29537 | Vaults:1 | 29537 ||| INVOKING Heroism.
 29545 | Vaults:1 | Received a gift from Okawaru
 29555 | Vaults:1 | Reached skill level 6 in Dodging
 29820 | Vaults:1 | 29820 ||| FLEEEEING.
 29822 | Vaults:1 | 29822 ||| FLEEEEING.
 29823 | Vaults:1 | 29823 ||| FLEEEEING.
 29824 | Vaults:1 | 29824 ||| FLEEEEING.
 29825 | Vaults:1 | 29825 ||| FLEEEEING.
 29826 | Vaults:1 | 29826 ||| FLEEEEING.
 29827 | Vaults:1 | 29827 ||| FLEEEEING.
 29828 | Vaults:1 | 29828 ||| FLEEEEING.
 29829 | Vaults:1 | 29829 ||| FLEEEEING.
 29830 | Vaults:1 | 29830 ||| FLEEEEING.
 29836 | Vaults:1 | 29836 ||| FLEEEEING.
 29837 | Vaults:1 | 29837 ||| FLEEEEING.
 29838 | Vaults:1 | 29838 ||| FLEEEEING.
 29843 | Vaults:1 | 29843 ||| STAIRDANCE
 29945 | D:13     | 29945 ||| DROPPING amulet of the acrobat.
 29951 | Vaults:1 | 29951 ||| STAIRDANCE
 30184 | Vaults:1 | Noticed Aizul
 30185 | Vaults:1 | 30185 ||| INVOKING Heroism.
 30186 | Vaults:1 | 30186 ||| INVOKING Finesse.
 30196 | Vaults:1 | 30196 ||| DRINKING 5 potions of cancellation.
 30206 | Vaults:1 | Killed Aizul
 30340 | Vaults:1 | Identified the +5 ring mail "Damnable Contraption" {Str+6
                  | Int+5 Dex-2}
 30611 | Vaults:1 | 30611 ||| READING scroll labelled OTUATS QILIAL.
 30619 | Vaults:1 | Received a gift from Okawaru
 30807 | Vaults:2 | 30807 ||| Stepping ~*~*~tactically~*~*~ (hiding).
 30893 | Vaults:2 | Identified the +7 triple crossbow of Kismet {flame, rPois
                  | Will+ Stlth-}
 30902 | Vaults:2 | 30902 ||| Stepping ~*~*~tactically~*~*~ (hiding).
 31026 | Vaults:2 | Received a gift from Okawaru
 31041 | Vaults:2 | 31041 ||| FLEEEEING.
 31042 | Vaults:2 | 31042 ||| FLEEEEING.
 31045 | Vaults:2 | 31045 ||| FLEEEEING.
 31046 | Vaults:2 | 31046 ||| FLEEEEING.
 31047 | Vaults:2 | 31047 ||| FLEEEEING.
 31048 | Vaults:2 | 31048 ||| FLEEEEING.
 31049 | Vaults:2 | 31049 ||| FLEEEEING.
 31050 | Vaults:2 | 31050 ||| FLEEEEING.
 31051 | Vaults:2 | 31051 ||| FLEEEEING.
 31052 | Vaults:2 | 31052 ||| FLEEEEING.
 31053 | Vaults:2 | 31053 ||| FLEEEEING.
 31054 | Vaults:2 | 31054 ||| FLEEEEING.
 31055 | Vaults:2 | 31055 ||| FLEEEEING.
 31063 | Vaults:2 | 31063 ||| FLEEEEING.
 31068 | Vaults:2 | 31068 ||| FLEEEEING.
 31069 | Vaults:2 | 31069 ||| FLEEEEING.
 31070 | Vaults:2 | 31070 ||| FLEEEEING.
 31073 | Vaults:2 | 31073 ||| STAIRDANCE
 31177 | Vaults:2 | 31177 ||| STAIRDANCE
 31485 | Vaults:2 | Reached skill level 15 in Fighting
 31497 | Vaults:2 | 31497 ||| Stepping ~*~*~tactically~*~*~ (hiding).
 31498 | Vaults:2 | 31498 ||| Stepping ~*~*~tactically~*~*~ (hiding).
 31499 | Vaults:2 | 31499 ||| Stepping ~*~*~tactically~*~*~ (hiding).
 31504 | Vaults:2 | Received a gift from Okawaru
 31515 | Vaults:2 | Received a gift from Okawaru
 31519 | Vaults:2 | 31519 ||| INVOKING Heroism.
 31685 | Vaults:2 | 31685 ||| DROPPING ring of positive energy.
 31726 | Vaults:2 | Reached XP level 19. HP: 106/124 MP: 8/26
 31789 | Vaults:2 | 31789 ||| Stepping ~*~*~tactically~*~*~ (stealth).
 31871 | Vaults:2 | Found Masul's Weapon Shop.
 32035 | Vaults:2 | 32035 ||| Stepping ~*~*~tactically~*~*~ (hiding).
 32143 | Vaults:2 | Found a runed translucent gate.
 32143 | Vaults:2 | Found a runed translucent gate.
 32143 | Vaults:2 | Found a runed translucent gate.
 32157 | Vaults:2 | 32157 ||| FLEEEEING.
 32158 | Vaults:2 | 32158 ||| FLEEEEING.
 32159 | Vaults:2 | 32159 ||| FLEEEEING.
 32160 | Vaults:2 | 32160 ||| FLEEEEING.
 32161 | Vaults:2 | 32161 ||| FLEEEEING.
 32162 | Vaults:2 | 32162 ||| FLEEEEING.
 32163 | Vaults:2 | 32163 ||| FLEEEEING.
 32174 | Vaults:2 | 32174 ||| FLEEEEING.
 32175 | Vaults:2 | 32175 ||| FLEEEEING.
 32176 | Vaults:2 | 32176 ||| FLEEEEING.
 32177 | Vaults:2 | 32177 ||| FLEEEEING.
 32178 | Vaults:2 | 32178 ||| FLEEEEING.
 32179 | Vaults:2 | 32179 ||| FLEEEEING.
 32181 | Vaults:2 | 32181 ||| FLEEEEING.
 32183 | Vaults:2 | 32183 ||| FLEEEEING.
 32185 | Vaults:2 | 32185 ||| FLEEEEING.
 32187 | Vaults:2 | 32187 ||| FLEEEEING.
 32189 | Vaults:2 | 32189 ||| FLEEEEING.
 32191 | Vaults:2 | 32191 ||| FLEEEEING.
 32193 | Vaults:2 | 32193 ||| FLEEEEING.
 32195 | Vaults:2 | 32195 ||| FLEEEEING.
 32197 | Vaults:2 | 32197 ||| FLEEEEING.
 32199 | Vaults:2 | 32199 ||| FLEEEEING.
 32495 | Vaults:2 | Identified the +3 scale mail of Experimentation {rN+}
 32707 | Vaults:2 | Noticed Droegar's ghost (adept MiBe)
 32854 | Vaults:2 | 32854 ||| Stepping ~*~*~tactically~*~*~ (hiding).
 32859 | Vaults:2 | 32859 ||| INVOKING Heroism.
 32860 | Vaults:2 | 32860 ||| INVOKING Finesse.
 32877 | Vaults:2 | Received a gift from Okawaru
 32967 | Vaults:2 | 32967 ||| INVOKING Heroism.
 32987 | Vaults:2 | 32987 ||| Stepping ~*~*~tactically~*~*~ (hiding).
 33572 | Vaults:2 | 33572 ||| READING scroll labelled XOJIARPHEHICW.
 33686 | Vaults:3 | 33686 ||| Stepping ~*~*~tactically~*~*~ (hiding).
 33687 | Vaults:3 | 33687 ||| Stepping ~*~*~tactically~*~*~ (hiding).
 33816 | Vaults:3 | 33816 ||| Stepping ~*~*~tactically~*~*~ (stealth).
 33963 | Vaults:3 | Identified the +2 hat of Muttered Phrases {Harm rC+}
                  | (Okawaru gifted it to you on level 3 of the Vaults)
 33963 | Vaults:3 | Received a gift from Okawaru
 33996 | Vaults:3 | Noticed a bone dragon
 34018 | Vaults:3 | Killed a bone dragon
 34019 | Vaults:3 | Reached skill level 9 in Throwing
 34071 | Vaults:3 | Found a staircase to the Crypt.
 34243 | Vaults:3 | 34243 ||| FLEEEEING.
 34244 | Vaults:3 | 34244 ||| FLEEEEING.
 34245 | Vaults:3 | 34245 ||| FLEEEEING.
 34246 | Vaults:3 | 34246 ||| FLEEEEING.
 34247 | Vaults:3 | 34247 ||| FLEEEEING.
 34248 | Vaults:3 | 34248 ||| FLEEEEING.
 34249 | Vaults:3 | 34249 ||| FLEEEEING.
 34259 | Vaults:3 | 34259 ||| STAIRDANCE
 34522 | Vaults:3 | 34522 ||| Stepping ~*~*~tactically~*~*~ (stealth).
 34524 | Vaults:3 | 34524 ||| Stepping ~*~*~tactically~*~*~ (hiding).
 34525 | Vaults:3 | 34525 ||| Stepping ~*~*~tactically~*~*~ (hiding).
 34542 | Vaults:3 | 34542 ||| INVOKING Heroism.
 34546 | Vaults:3 | 34546 ||| INVOKING Finesse.
 34548 | Vaults:3 | Reached skill level 16 in Fighting
 34640 | Vaults:3 | 34640 ||| FLEEEEING.
 34643 | Vaults:3 | 34643 ||| FLEEEEING.
 34644 | Vaults:3 | 34644 ||| FLEEEEING.
 34646 | Vaults:3 | 34646 ||| FLEEEEING.
 34647 | Vaults:3 | 34647 ||| FLEEEEING.
 34648 | Vaults:3 | 34648 ||| FLEEEEING.
 34649 | Vaults:3 | 34649 ||| FLEEEEING.
 34650 | Vaults:3 | 34650 ||| FLEEEEING.
 34652 | Vaults:3 | 34652 ||| FLEEEEING.
 34653 | Vaults:3 | 34653 ||| FLEEEEING.
 34654 | Vaults:3 | 34654 ||| STAIRDANCE
 35027 | Vaults:3 | 35027 ||| INVOKING Heroism.
 35035 | Vaults:3 | 35035 ||| Stepping ~*~*~tactically~*~*~ (hiding).
 35042 | Vaults:3 | 35042 ||| Stepping ~*~*~tactically~*~*~ (hiding).
 35043 | Vaults:3 | 35043 ||| Stepping ~*~*~tactically~*~*~ (hiding).
 35044 | Vaults:3 | 35044 ||| Stepping ~*~*~tactically~*~*~ (hiding).
 35045 | Vaults:3 | 35045 ||| Stepping ~*~*~tactically~*~*~ (hiding).
 35046 | Vaults:3 | 35046 ||| Stepping ~*~*~tactically~*~*~ (hiding).
 35048 | Vaults:3 | 35048 ||| Stepping ~*~*~tactically~*~*~ (hiding).
 35091 | Vaults:3 | 35091 ||| FLEEEEING.
 35101 | Vaults:3 | 35101 ||| STAIRDANCE
 35908 | Vaults:3 | 35908 ||| FLEEEEING.
 35920 | Vaults:3 | 35920 ||| FLEEEEING.
 35921 | Vaults:3 | 35921 ||| FLEEEEING.
 35922 | Vaults:3 | 35922 ||| FLEEEEING.
 35923 | Vaults:3 | 35923 ||| FLEEEEING.
 35924 | Vaults:3 | 35924 ||| FLEEEEING.
 35925 | Vaults:3 | 35925 ||| FLEEEEING.
 35926 | Vaults:3 | 35926 ||| FLEEEEING.
 35927 | Vaults:3 | 35927 ||| FLEEEEING.
 35928 | Vaults:3 | 35928 ||| FLEEEEING.
 35929 | Vaults:3 | 35929 ||| FLEEEEING.
 35930 | Vaults:3 | 35930 ||| FLEEEEING.
 35931 | Vaults:3 | 35931 ||| FLEEEEING.
 35932 | Vaults:3 | 35932 ||| FLEEEEING.
 35933 | Vaults:3 | 35933 ||| FLEEEEING.
 35934 | Vaults:3 | 35934 ||| FLEEEEING.
 35935 | Vaults:3 | 35935 ||| FLEEEEING.
 35936 | Vaults:3 | 35936 ||| FLEEEEING.
 35937 | Vaults:3 | 35937 ||| FLEEEEING.
 35938 | Vaults:3 | 35938 ||| FLEEEEING.
 35939 | Vaults:3 | 35939 ||| FLEEEEING.
 35944 | Vaults:3 | 35944 ||| FLEEEEING.
 35945 | Vaults:3 | 35945 ||| FLEEEEING.
 35946 | Vaults:3 | 35946 ||| FLEEEEING.
 35947 | Vaults:3 | 35947 ||| FLEEEEING.
 35948 | Vaults:3 | 35948 ||| FLEEEEING.
 35949 | Vaults:3 | 35949 ||| FLEEEEING.
 35955 | Vaults:3 | 35955 ||| FLEEEEING.
 35956 | Vaults:3 | 35956 ||| FLEEEEING.
 35957 | Vaults:3 | 35957 ||| FLEEEEING.
 35958 | Vaults:3 | 35958 ||| FLEEEEING.
 35959 | Vaults:3 | 35959 ||| FLEEEEING.
 35960 | Vaults:3 | 35960 ||| FLEEEEING.
 35972 | Vaults:3 | 35972 ||| FLEEEEING.
 35976 | Vaults:3 | 35976 ||| STAIRDANCE
 36323 | Vaults:3 | 36323 ||| INVOKING Heroism.
 36626 | Vaults:4 | 36626 ||| Stepping ~*~*~tactically~*~*~ (stealth).
 36648 | Vaults:4 | 36648 ||| Stepping ~*~*~tactically~*~*~ (hiding).
 36656 | Vaults:4 | 36656 ||| Stepping ~*~*~tactically~*~*~ (hiding).
 36659 | Vaults:4 | 36659 ||| Stepping ~*~*~tactically~*~*~ (hiding).
 36708 | Vaults:4 | 36708 ||| Stepping ~*~*~tactically~*~*~ (stealth).
 36725 | Vaults:4 | 36725 ||| INVOKING Heroism.
 36813 | Vaults:4 | Found Mieri's Armour Emporium.
 36821 | Vaults:4 | 36821 ||| BUYING +2 cloak of Ishy {rPois Will- SInv} (411
                  | gold).
 36821 | Vaults:4 | Bought the +2 cloak of Ishy {rPois Will- SInv} for 411 gold
                  | pieces
 36826 | Vaults:4 | 36826 ||| INVOKING Heroism.
 36827 | Vaults:4 | 36827 ||| INVOKING Finesse.
 36835 | Vaults:4 | Reached skill level 15 in Armour
 36947 | Vaults:4 | Received a gift from Okawaru
 36957 | Vaults:4 | Reached XP level 20. HP: 128/132 MP: 9/27
 37008 | Vaults:4 | 37008 ||| Stepping ~*~*~tactically~*~*~ (hiding).
 37016 | Vaults:4 | 37016 ||| DRINKING 12 potions of curing.
 37016 | Vaults:4 | 37016 ||| (to cure confusion)
 37022 | Vaults:4 | 37022 ||| INVOKING Heroism.
 37026 | Vaults:4 | Identified the +8 hand crossbow of the Shining Light {elec,
                  | rC+++ rN+ rCorr Int+3} (Okawaru gifted it to you on level 4
                  | of the Vaults)
 37026 | Vaults:4 | Received a gift from Okawaru
 37039 | Vaults:4 | 37039 ||| INVOKING Finesse.
 37062 | Vaults:4 | Reached skill level 17 in Fighting
 37077 | Vaults:4 | 37077 ||| INVOKING Heroism.
 37279 | Vaults:4 | 37279 ||| INVOKING Heroism.
 37279 | Vaults:4 | Noticed Sojobo
 37280 | Vaults:4 | 37280 ||| INVOKING Finesse.
 37307 | Vaults:4 | Killed Sojobo
 37430 | Vaults:4 | 37430 ||| Stepping ~*~*~tactically~*~*~ (stealth).
 37455 | Vaults:4 | Received a gift from Okawaru
 37521 | Vaults:4 | 37521 ||| FLEEEEING.
 37522 | Vaults:4 | 37522 ||| FLEEEEING.
 37525 | Vaults:4 | 37525 ||| FLEEEEING.
 37526 | Vaults:4 | 37526 ||| FLEEEEING.
 37527 | Vaults:4 | 37527 ||| FLEEEEING.
 37528 | Vaults:4 | 37528 ||| FLEEEEING.
 37533 | Vaults:4 | 37533 ||| FLEEEEING.
 37534 | Vaults:4 | 37534 ||| FLEEEEING.
 37535 | Vaults:4 | 37535 ||| FLEEEEING.
 37549 | Vaults:4 | 37549 ||| FLEEEEING.
 37550 | Vaults:4 | 37550 ||| FLEEEEING.
 37551 | Vaults:4 | 37551 ||| FLEEEEING.
 37557 | Vaults:4 | 37557 ||| FLEEEEING.
 37559 | Vaults:4 | 37559 ||| FLEEEEING.
 37561 | Vaults:4 | 37561 ||| FLEEEEING.
 37565 | Vaults:4 | Found Imatsun's Weapon Shoppe.
 37567 | Vaults:4 | 37567 ||| FLEEEEING.
 37571 | Vaults:4 | 37571 ||| FLEEEEING.
 37572 | Vaults:4 | 37572 ||| FLEEEEING.
 37573 | Vaults:4 | 37573 ||| STAIRDANCE
 37807 | Vaults:4 | Found Dentogip's Armour Emporium.
 38036 | Vaults:4 | 38036 ||| Stepping ~*~*~tactically~*~*~ (hiding).
 38038 | Vaults:4 | 38038 ||| Stepping ~*~*~tactically~*~*~ (hiding).
 38039 | Vaults:4 | 38039 ||| Stepping ~*~*~tactically~*~*~ (hiding).
 38040 | Vaults:4 | 38040 ||| Stepping ~*~*~tactically~*~*~ (hiding).
 38086 | Vaults:4 | Received a gift from Okawaru
 38105 | Vaults:4 | 38105 ||| INVOKING Heroism.
 38634 | Vaults:4 | 38634 ||| Stepping ~*~*~tactically~*~*~ (stealth).
 38682 | Vaults:4 | 38682 ||| PLANNING SNAKE:4
 38980 | Snake:4  | Entered Level 4 of the Snake Pit
 39127 | Snake:4  | 39127 ||| Stepping ~*~*~tactically~*~*~ (hiding).
 39158 | Snake:4  | Received a gift from Okawaru
 39187 | Snake:4  | Found Oppylaqe's Jewellery Shoppe.
 39188 | Snake:4  | Found Eczuruxt's Book Boutique.
 39189 | Snake:4  | Found Lulecostink's Jewellery Shoppe.
 39195 | Snake:4  | 39195 ||| BUYING amulet of reflection (600 gold).
 39195 | Snake:4  | Bought an amulet of reflection for 600 gold pieces
 39195 | Snake:4  | 39195 ||| SHOPLISTING ring of Poepum {rCorr Str+3 Int+2}
                  | (750 gold, have 510).
 39195 | Snake:4  | 39195 ||| BUYING ring of resist corrosion (400 gold).
 39195 | Snake:4  | Bought a ring of resist corrosion for 400 gold pieces
 39195 | Snake:4  | 39195 ||| SHOPLISTING ring of resist corrosion (400 gold,
                  | have 110).
 39199 | Snake:4  | 39199 ||| SHOPLISTING ring of Luckos {MP-9 AC+4 Dex+4 SInv}
                  | (513 gold, have 110).
 39199 | Snake:4  | 39199 ||| SHOPLISTING ring of protection from fire (350
                  | gold, have 110).
 39220 | Snake:4  | 39220 ||| Stepping ~*~*~tactically~*~*~ (stealth).
 39223 | Snake:4  | 39223 ||| Stepping ~*~*~tactically~*~*~ (stealth).
 39225 | Snake:4  | 39225 ||| Stepping ~*~*~tactically~*~*~ (hiding).
 39279 | Snake:4  | Received a gift from Okawaru
 39331 | Snake:4  | 39331 ||| FLEEEEING.
 39332 | Snake:4  | 39332 ||| FLEEEEING.
 39333 | Snake:4  | 39333 ||| FLEEEEING.
 39334 | Snake:4  | 39334 ||| FLEEEEING.
 39606 | Snake:4  | Reached skill level 18 in Fighting
 39611 | Snake:4  | 39611 ||| INVOKING Heroism.
 39822 | Snake:4  | 39822 ||| Stepping ~*~*~tactically~*~*~ (hiding).
 39823 | Snake:4  | 39823 ||| Stepping ~*~*~tactically~*~*~ (hiding).
 39825 | Snake:4  | 39825 ||| Stepping ~*~*~tactically~*~*~ (hiding).
 39879 | Snake:4  | 39879 ||| Stepping ~*~*~tactically~*~*~ (hiding).
 39897 | Snake:4  | Received a gift from Okawaru
 39948 | Snake:4  | 39948 ||| Stepping ~*~*~tactically~*~*~ (hiding).
 39950 | Snake:4  | 39950 ||| Stepping ~*~*~tactically~*~*~ (hiding).
 40084 | Snake:4  | Got a serpentine rune of Zot
 40210 | Snake:4  | Reached XP level 21. HP: 141/141 MP: 9/28
 40340 | Snake:4  | Received a gift from Okawaru
 40525 | Snake:4  | 40525 ||| Stepping ~*~*~tactically~*~*~ (hiding).
 40527 | Snake:4  | 40527 ||| Stepping ~*~*~tactically~*~*~ (hiding).
 40820 | Snake:4  | 40820 ||| PLANNING DEPTHS
 40820 | Snake:4  | 40820 ||| DROPPING +1 cloak.
 40821 | Snake:4  | 40821 ||| UPGRADING to +1 tower shield of reflection.
 40831 | Snake:4  | 40831 ||| DROPPING +0 tower shield.
 40832 | Snake:4  | 40832 ||| DROPPING amulet of regeneration.
 41104 | Depths:1 | Entered Level 1 of the Depths
 41116 | Depths:1 | 41116 ||| INVOKING Heroism.
 41332 | Depths:1 | 41332 ||| Stepping ~*~*~tactically~*~*~ (hiding).
 41335 | Depths:1 | 41335 ||| INVOKING Heroism.
 41353 | Depths:1 | Received a gift from Okawaru
 41373 | Depths:1 | 41373 ||| FLEEEEING.
 41374 | Depths:1 | 41374 ||| FLEEEEING.
 41377 | Depths:1 | 41377 ||| FLEEEEING.
 41378 | Depths:1 | 41378 ||| FLEEEEING.
 41383 | Depths:1 | 41383 ||| FLEEEEING.
 41384 | Depths:1 | 41384 ||| FLEEEEING.
 41385 | Depths:1 | 41385 ||| FLEEEEING.
 41386 | Depths:1 | 41386 ||| FLEEEEING.
 41398 | Depths:1 | 41398 ||| FLEEEEING.
 41399 | Depths:1 | 41399 ||| STAIRDANCE
 41520 | Depths:1 | Found a basalt altar of Yredelemnul.
 41560 | Depths:1 | Found the macabre finger necklace {Finger+ rN+}
 41570 | Depths:1 | 41570 ||| INVOKING Finesse.
 41576 | Depths:1 | Received a gift from Okawaru
 41633 | Depths:1 | Identified the +0 cloak of Okawaru's Regard {Rampage
                  | Will+++ Int-4} (Okawaru gifted it to you on level 1 of the
                  | Depths)
 41633 | Depths:1 | Received a gift from Okawaru
 41730 | Depths:1 | 41730 ||| INVOKING Finesse.
 41731 | Depths:1 | 41731 ||| Stepping ~*~*~tactically~*~*~ (stealth).
 41765 | Depths:1 | Reached skill level 19 in Fighting
 41929 | Depths:1 | 41929 ||| INVOKING Heroism.
 42075 | Depths:1 | Found an iron altar of Okawaru.
 42227 | Depths:1 | Reached skill level 9 in Dodging
 42488 | Depths:1 | 42488 ||| UPGRADING to +0 cloak of Okawaru's Regard
                  | {Rampage Will+++ Int-4}.
 42563 | Depths:2 | 42563 ||| INVOKING Heroism.
 42664 | Depths:2 | 42664 ||| Stepping ~*~*~tactically~*~*~ (stealth).
 42666 | Depths:2 | 42666 ||| Stepping ~*~*~tactically~*~*~ (stealth).
 42667 | Depths:2 | 42667 ||| Stepping ~*~*~tactically~*~*~ (stealth).
 42670 | Depths:2 | 42670 ||| Stepping ~*~*~tactically~*~*~ (stealth).
 42671 | Depths:2 | 42671 ||| Stepping ~*~*~tactically~*~*~ (stealth).
 42675 | Depths:2 | 42675 ||| Stepping ~*~*~tactically~*~*~ (stealth).
 42676 | Depths:2 | 42676 ||| Stepping ~*~*~tactically~*~*~ (stealth).
 42677 | Depths:2 | 42677 ||| Stepping ~*~*~tactically~*~*~ (stealth).
 42678 | Depths:2 | 42678 ||| Stepping ~*~*~tactically~*~*~ (stealth).
 42680 | Depths:2 | 42680 ||| Stepping ~*~*~tactically~*~*~ (stealth).
 42686 | Depths:2 | 42686 ||| Stepping ~*~*~tactically~*~*~ (stealth).
 42687 | Depths:2 | 42687 ||| Stepping ~*~*~tactically~*~*~ (stealth).
 42688 | Depths:2 | 42688 ||| Stepping ~*~*~tactically~*~*~ (stealth).
 42689 | Depths:2 | 42689 ||| Stepping ~*~*~tactically~*~*~ (stealth).
 42690 | Depths:2 | 42690 ||| Stepping ~*~*~tactically~*~*~ (stealth).
 42692 | Depths:2 | 42692 ||| Stepping ~*~*~tactically~*~*~ (stealth).
 42693 | Depths:2 | 42693 ||| Stepping ~*~*~tactically~*~*~ (stealth).
 42695 | Depths:2 | 42695 ||| Stepping ~*~*~tactically~*~*~ (hiding).
 42696 | Depths:2 | 42696 ||| Stepping ~*~*~tactically~*~*~ (hiding).
 42724 | Depths:2 | 42724 ||| Stepping ~*~*~tactically~*~*~ (stealth).
 42735 | Depths:2 | 42735 ||| Stepping ~*~*~tactically~*~*~ (stealth).
 42756 | Depths:2 | 42756 ||| Stepping ~*~*~tactically~*~*~ (hiding).
 42891 | Depths:2 | 42891 ||| Stepping ~*~*~tactically~*~*~ (hiding).
 43003 | Depths:2 | 43003 ||| INVOKING Heroism.
 43004 | Depths:2 | 43004 ||| INVOKING Finesse.
 43098 | Depths:2 | Noticed a caustic shrike
 43098 | Depths:2 | Noticed a caustic shrike
 43098 | Depths:2 | Noticed a caustic shrike
 43099 | Depths:2 | Noticed a caustic shrike
 43099 | Depths:2 | Noticed a caustic shrike
 43112 | Depths:2 | 43112 ||| Stepping ~*~*~tactically~*~*~ (stealth).
 43128 | Depths:2 | 43128 ||| INVOKING Heroism.
 43204 | Depths:2 | 43204 ||| Stepping ~*~*~tactically~*~*~ (stealth).
 43210 | Depths:2 | 43210 ||| Stepping ~*~*~tactically~*~*~ (stealth).
 43212 | Depths:2 | 43212 ||| Stepping ~*~*~tactically~*~*~ (hiding).
 43326 | Depths:2 | Found a one-way gate to the infinite horrors of the Abyss.
 43334 | Depths:2 | Found a one-way gate leading to the halls of Pandemonium.
 43349 | Depths:2 | 43349 ||| Stepping ~*~*~tactically~*~*~ (hiding).
 43371 | Depths:2 | 43371 ||| INVOKING Heroism.
 43473 | Depths:2 | 43473 ||| Stepping ~*~*~tactically~*~*~ (hiding).
 43496 | Depths:2 | 43496 ||| INVOKING Heroism.
 43572 | Depths:2 | Found Xenaagubb's Antique Weapon Shop.
 43657 | Depths:2 | Found Ischots's Book Emporium.
 43750 | Depths:2 | 43750 ||| INVOKING Heroism.
 43751 | Depths:2 | 43751 ||| INVOKING Finesse.
 43877 | Depths:2 | Reached XP level 22. HP: 147/150 MP: 9/29
 43904 | Depths:2 | 43904 ||| DROPPING +6 ring of strength.
 44000 | Depths:3 | Received a gift from Okawaru
 44017 | Depths:3 | 44017 ||| Stepping ~*~*~tactically~*~*~ (stealth).
 44037 | Depths:3 | Received a gift from Okawaru
 44056 | Depths:3 | 44056 ||| Stepping ~*~*~tactically~*~*~ (hiding).
 44058 | Depths:3 | 44058 ||| Stepping ~*~*~tactically~*~*~ (hiding).
 44059 | Depths:3 | 44059 ||| Stepping ~*~*~tactically~*~*~ (hiding).
 44101 | Depths:3 | 44101 ||| Stepping ~*~*~tactically~*~*~ (stealth).
 44142 | Depths:3 | 44142 ||| Stepping ~*~*~tactically~*~*~ (stealth).
 44146 | Depths:3 | 44146 ||| Stepping ~*~*~tactically~*~*~ (stealth).
 44164 | Depths:3 | Received a gift from Okawaru
 44297 | Depths:3 | 44297 ||| Stepping ~*~*~tactically~*~*~ (hiding).
 44316 | Depths:3 | Reached skill level 20 in Fighting
 44373 | Depths:3 | 44373 ||| INVOKING Heroism.
 44374 | Depths:3 | 44374 ||| INVOKING Finesse.
 44448 | Depths:3 | 44448 ||| INVOKING Heroism.
 44449 | Depths:3 | 44449 ||| INVOKING Finesse.
 44570 | Depths:3 | 44570 ||| Stepping ~*~*~tactically~*~*~ (hiding).
 44571 | Depths:3 | 44571 ||| Stepping ~*~*~tactically~*~*~ (hiding).
 44574 | Depths:3 | 44574 ||| Stepping ~*~*~tactically~*~*~ (hiding).
 44583 | Depths:3 | 44583 ||| INVOKING Heroism.
 44720 | Depths:3 | 44720 ||| Stepping ~*~*~tactically~*~*~ (hiding).
 44740 | Depths:3 | 44740 ||| Stepping ~*~*~tactically~*~*~ (hiding).
 44745 | Depths:3 | Paralysed by an air elemental for 1 turns
 45014 | Depths:3 | Found a one-way gateway to a ziggurat.
 45112 | Depths:3 | Reached skill level 18 in Armour
 45172 | Depths:3 | Found a radiant altar of Vehumet.
 45176 | Depths:3 | Found a transporter.
 45363 | Depths:4 | Entered Level 4 of the Depths
 45364 | Depths:4 | 45364 ||| PLANNING WIZLAB
 45387 | Depths:4 | 45387 ||| INVOKING Heroism.
 45388 | Depths:4 | 45388 ||| INVOKING Finesse.
 45393 | Depths:4 | Received a gift from Okawaru
 45459 | Depths:4 | Found a shimmering altar of Xom.
 45472 | Depths:4 | Found a shimmering altar of Xom.
 45588 | Depths:4 | 45588 ||| INVOKING Heroism.
 45625 | Depths:4 | 45625 ||| Stepping ~*~*~tactically~*~*~ (hiding).
 45627 | Depths:4 | 45627 ||| Stepping ~*~*~tactically~*~*~ (hiding).
 45765 | Depths:4 | 45765 ||| Stepping ~*~*~tactically~*~*~ (hiding).
 45815 | Depths:4 | 45815 ||| Stepping ~*~*~tactically~*~*~ (cloud).
 45898 | Depths:4 | 45898 ||| FLEEEEING.
 45899 | Depths:4 | 45899 ||| FLEEEEING.
 45900 | Depths:4 | 45900 ||| FLEEEEING.
 45903 | Depths:4 | 45903 ||| FLEEEEING.
 45904 | Depths:4 | 45904 ||| FLEEEEING.
 45905 | Depths:4 | 45905 ||| FLEEEEING.
 46002 | Depths:4 | 46002 ||| RIP WIZLAB
 46006 | Depths:4 | 46006 ||| PLANNING DEPTHS
 46007 | Depths:4 | 46007 ||| Stepping ~*~*~tactically~*~*~ (hiding).
 46021 | Depths:4 | Reached skill level 21 in Shields
 46045 | Depths:4 | Found a gate to the Realm of Zot.
 46045 | Depths:4 | Noticed a golden dragon
 46046 | Depths:4 | 46046 ||| INVOKING Heroism.
 46058 | Depths:4 | Killed a golden dragon
 46058 | Depths:4 | Received a gift from Okawaru
 46099 | Depths:4 | 46099 ||| Stepping ~*~*~tactically~*~*~ (hiding).
 46143 | Depths:4 | 46143 ||| Stepping ~*~*~tactically~*~*~ (stealth).
 46159 | Depths:4 | 46159 ||| INVOKING Heroism.
 46299 | Depths:4 | 46299 ||| FLEEEEING.
 46300 | Depths:4 | 46300 ||| FLEEEEING.
 46301 | Depths:4 | 46301 ||| FLEEEEING.
 46302 | Depths:4 | 46302 ||| FLEEEEING.
 46303 | Depths:4 | 46303 ||| FLEEEEING.
 46304 | Depths:4 | 46304 ||| FLEEEEING.
 46305 | Depths:4 | 46305 ||| FLEEEEING.
 46306 | Depths:4 | 46306 ||| FLEEEEING.
 46309 | Depths:4 | 46309 ||| FLEEEEING.
 46316 | Depths:4 | 46316 ||| FLEEEEING.
 46318 | Depths:4 | 46318 ||| FLEEEEING.
 46325 | Depths:4 | 46325 ||| FLEEEEING.
 46326 | Depths:4 | 46326 ||| FLEEEEING.
 46327 | Depths:4 | 46327 ||| INVOKING Heroism.
 46501 | Depths:4 | 46501 ||| Stepping ~*~*~tactically~*~*~ (stealth).
 46734 | Depths:4 | Found a shimmering altar of Xom.
 46735 | Depths:4 | Found a shimmering altar of Xom.
 46736 | Depths:4 | Found a shimmering altar of Xom.
 46736 | Depths:4 | Found a shimmering altar of Xom.
 46836 | Depths:4 | Identified the +3 double sword "Byeprutsyo" {drain, rElec
                  | Int+2}
 46882 | Depths:4 | 46882 ||| PLANNING VAULTS:5
 47177 | Vaults:5 | Entered Level 5 of the Vaults
 47185 | Vaults:5 | 47185 ||| STAIRDANCE
 47193 | Vaults:4 | Received a gift from Okawaru
 47202 | Vaults:4 | Reached skill level 21 in Fighting
 47256 | Vaults:5 | 47256 ||| INVOKING Heroism.
 47257 | Vaults:5 | Received a gift from Okawaru
 47538 | Vaults:5 | 47538 ||| Stepping ~*~*~tactically~*~*~ (hiding).
 47546 | Vaults:5 | 47546 ||| INVOKING Heroism.
 47549 | Vaults:5 | 47549 ||| INVOKING Finesse.
 47577 | Vaults:5 | Identified the +10 morningstar "Musk" {elec, rN++}
 47578 | Vaults:5 | 47578 ||| Stepping ~*~*~tactically~*~*~ (stealth).
 47579 | Vaults:5 | 47579 ||| Stepping ~*~*~tactically~*~*~ (stealth).
 47587 | Vaults:5 | Reached skill level 12 in Throwing
 47639 | Vaults:5 | 47639 ||| Stepping ~*~*~tactically~*~*~ (hiding).
 47642 | Vaults:5 | 47642 ||| INVOKING Heroism.
 47664 | Vaults:5 | Reached XP level 23. HP: 142/160 MP: 8/30
 47664 | Vaults:5 | 47664 ||| Stepping ~*~*~tactically~*~*~ (stealth).
 47744 | Vaults:5 | 47744 ||| INVOKING Heroism.
 47781 | Vaults:5 | 47781 ||| Stepping ~*~*~tactically~*~*~ (hiding).
 47786 | Vaults:5 | 47786 ||| INVOKING Heroism.
 47921 | Vaults:5 | 47921 ||| Stepping ~*~*~tactically~*~*~ (stealth).
 47924 | Vaults:5 | 47924 ||| FLEEEEING.
 47925 | Vaults:5 | 47925 ||| FLEEEEING.
 47926 | Vaults:5 | 47926 ||| FLEEEEING.
 47927 | Vaults:5 | 47927 ||| FLEEEEING.
 47928 | Vaults:5 | 47928 ||| FLEEEEING.
 47929 | Vaults:5 | 47929 ||| FLEEEEING.
 47930 | Vaults:5 | 47930 ||| FLEEEEING.
 47931 | Vaults:5 | 47931 ||| FLEEEEING.
 47932 | Vaults:5 | 47932 ||| FLEEEEING.
 47933 | Vaults:5 | 47933 ||| FLEEEEING.
 47934 | Vaults:5 | 47934 ||| FLEEEEING.
 47948 | Vaults:5 | 47948 ||| FLEEEEING.
 47949 | Vaults:5 | 47949 ||| FLEEEEING.
 47950 | Vaults:5 | 47950 ||| FLEEEEING.
 47951 | Vaults:5 | 47951 ||| FLEEEEING.
 47956 | Vaults:5 | 47956 ||| FLEEEEING.
 47957 | Vaults:5 | 47957 ||| FLEEEEING.
 48004 | Vaults:5 | Identified the +0 pair of boots of Ejili {Fly MP+9 Dex+3}
 48007 | Vaults:5 | Identified the staff of conjuration "Tineh" {rPois rC+}
 48018 | Vaults:5 | 48018 ||| INVOKING Heroism.
 48040 | Vaults:5 | Found the ring of the Octopus King {rC+ HP+2 AC+2 EV+2
                  | SH+2}
 48066 | Vaults:5 | 48066 ||| Stepping ~*~*~tactically~*~*~ (hiding).
 48110 | Vaults:5 | 48110 ||| Stepping ~*~*~tactically~*~*~ (stealth).
 48112 | Vaults:5 | 48112 ||| Stepping ~*~*~tactically~*~*~ (hiding).
 48113 | Vaults:5 | 48113 ||| Stepping ~*~*~tactically~*~*~ (hiding).
 48114 | Vaults:5 | 48114 ||| Stepping ~*~*~tactically~*~*~ (hiding).
 48115 | Vaults:5 | 48115 ||| Stepping ~*~*~tactically~*~*~ (hiding).
 48118 | Vaults:5 | 48118 ||| Stepping ~*~*~tactically~*~*~ (hiding).
 48119 | Vaults:5 | 48119 ||| Stepping ~*~*~tactically~*~*~ (hiding).
 48120 | Vaults:5 | 48120 ||| Stepping ~*~*~tactically~*~*~ (hiding).
 48121 | Vaults:5 | 48121 ||| Stepping ~*~*~tactically~*~*~ (hiding).
 48122 | Vaults:5 | 48122 ||| Stepping ~*~*~tactically~*~*~ (hiding).
 48200 | Vaults:5 | 48200 ||| Stepping ~*~*~tactically~*~*~ (hiding).
 48342 | Vaults:5 | 48342 ||| Stepping ~*~*~tactically~*~*~ (stealth).
 48357 | Vaults:5 | 48357 ||| INVOKING Heroism.
 48578 | Vaults:5 | 48578 ||| Stepping ~*~*~tactically~*~*~ (stealth).
 48649 | Vaults:5 | 48649 ||| Stepping ~*~*~tactically~*~*~ (hiding).
 48672 | Vaults:5 | 48672 ||| Stepping ~*~*~tactically~*~*~ (hiding).
 48680 | Vaults:5 | 48680 ||| INVOKING Heroism.
 48682 | Vaults:5 | 48682 ||| Stepping ~*~*~tactically~*~*~ (hiding).
 48683 | Vaults:5 | 48683 ||| Stepping ~*~*~tactically~*~*~ (hiding).
 48714 | Vaults:5 | 48714 ||| INVOKING Finesse.
 48798 | Vaults:5 | 48798 ||| Stepping ~*~*~tactically~*~*~ (stealth).
 48878 | Vaults:5 | 48878 ||| Stepping ~*~*~tactically~*~*~ (hiding).
 48879 | Vaults:5 | 48879 ||| Stepping ~*~*~tactically~*~*~ (hiding).
 48881 | Vaults:5 | 48881 ||| INVOKING Heroism.
 48889 | Vaults:5 | Reached skill level 22 in Fighting
 48968 | Vaults:5 | Noticed a golden dragon
 48969 | Vaults:5 | 48969 ||| Stepping ~*~*~tactically~*~*~ (stealth).
 48970 | Vaults:5 | 48970 ||| INVOKING Heroism.
 48976 | Vaults:5 | Killed a golden dragon
 48979 | Vaults:5 | 48979 ||| INVOKING Finesse.
 49169 | Vaults:5 | 49169 ||| Stepping ~*~*~tactically~*~*~ (stealth).
 49170 | Vaults:5 | 49170 ||| Stepping ~*~*~tactically~*~*~ (stealth).
 49270 | Vaults:5 | 49270 ||| INVOKING Heroism.
 49304 | Vaults:5 | 49304 ||| Stepping ~*~*~tactically~*~*~ (stealth).
 49331 | Vaults:5 | 49331 ||| INVOKING Heroism.
 49332 | Vaults:5 | 49332 ||| INVOKING Finesse.
 49416 | Vaults:5 | 49416 ||| Stepping ~*~*~tactically~*~*~ (hiding).
 49420 | Vaults:5 | 49420 ||| INVOKING Heroism.
 49449 | Vaults:5 | 49449 ||| Stepping ~*~*~tactically~*~*~ (hiding).
 49478 | Vaults:5 | 49478 ||| INVOKING Heroism.
 49613 | Vaults:5 | Received a gift from Okawaru
 49669 | Vaults:5 | 49669 ||| INVOKING Heroism.
 49745 | Vaults:5 | Identified the staff of earth "Oryg" {Dex+7}
 49747 | Vaults:5 | Got a silver rune of Zot
 49789 | Vaults:5 | 49789 ||| INVOKING Heroism.
 49931 | Vaults:5 | 49931 ||| PLANNING SHOPPING SPREE
 49931 | Vaults:5 | 49931 ||| DROPPING +0 pair of boots of Ejili {Fly MP+9
                  | Dex+3}.
 49932 | Vaults:5 | 49932 ||| UPGRADING to ring of the Octopus King {rC+ HP+2
                  | AC+2 EV+2 SH+2}.
 49936 | Vaults:5 | 49936 ||| DROPPING ring of ice.
 49937 | Vaults:5 | 49937 ||| DROPPING +4 ring of protection.
 49938 | Vaults:5 | 49938 ||| UPGRADING to +5 ring of evasion.
 49940 | Vaults:5 | 49940 ||| DROPPING ring of see invisible.
 49941 | Vaults:5 | 49941 ||| DROPPING 5 silver boomerangs.
 49942 | Vaults:5 | 49942 ||| DROPPING 30 boomerangs.
 49943 | Vaults:5 | 49943 ||| DROPPING 2 boomerangs of dispersal.
 49983 | Vaults:5 | 49983 ||| INVOKING Heroism.
 50297 | Orc:2    | 50297 ||| BUYING scroll of teleportation (78 gold).
 50297 | Orc:2    | Bought a scroll of teleportation for 78 gold pieces
 50744 | Snake:4  | 50744 ||| BUYING ring of Luckos {MP-9 AC+4 Dex+4 SInv} (513
                  | gold).
 50744 | Snake:4  | Bought the ring of Luckos {MP-9 AC+4 Dex+4 SInv} for 513
                  | gold pieces
 50744 | Snake:4  | 50744 ||| BUYING ring of protection from fire (350 gold).
 50744 | Snake:4  | Bought a ring of protection from fire for 350 gold pieces
 50744 | Snake:4  | 50744 ||| UPGRADING to ring of Luckos {MP-9 AC+4 Dex+4
                  | SInv}.
 50746 | Snake:4  | 50746 ||| UPGRADING to ring of the Octopus King {rC+ HP+2
                  | AC+2 EV+2 SH+2}.
 50750 | Snake:4  | 50750 ||| DROPPING +5 ring of evasion.
 50755 | Snake:4  | 50755 ||| BUYING ring of resist corrosion (400 gold).
 50755 | Snake:4  | Bought a ring of resist corrosion for 400 gold pieces
 50755 | Snake:4  | 50755 ||| CLEARING SHOPPING LIST
 50755 | Snake:4  | 50755 ||| PLANNING ZOT:1-4
 51111 | Zot:1    | Entered Level 1 of the Realm of Zot
 51112 | Zot:1    | 51112 ||| INVOKING Heroism.
 51188 | Zot:1    | 51188 ||| INVOKING Heroism.
 51239 | Zot:1    | 51239 ||| INVOKING Heroism.
 51266 | Zot:1    | 51266 ||| FLEEEEING.
 51530 | Zot:1    | 51530 ||| INVOKING Heroism.
 51533 | Zot:1    | Received a gift from Okawaru
 51549 | Zot:1    | HP: 40/164 [black draconian/+0 halberd[a black draconian
                  | knight] (4)]
 51550 | Zot:1    | 51550 ||| READING 16 scrolls of teleportation.
 51551 | Zot:1    | 51551 ||| DRINKING 7 potions of heal wounds.
 51554 | Zot:1    | 51554 ||| DRINKING 6 potions of heal wounds.
 51805 | Zot:1    | 51805 ||| Stepping ~*~*~tactically~*~*~ (stealth).
 51856 | Zot:1    | Found the +4 dragonskin cloak
 51856 | Zot:1    | Noticed Tiamat
 51857 | Zot:1    | 51857 ||| Stepping ~*~*~tactically~*~*~ (hiding).
 51862 | Zot:1    | 51862 ||| INVOKING Heroism.
 51868 | Zot:1    | 51868 ||| Stepping ~*~*~tactically~*~*~ (hiding).
 51891 | Zot:1    | 51891 ||| INVOKING Heroism.
 51904 | Zot:1    | Reached XP level 24. HP: 88/168 MP: 6/30
 51911 | Zot:1    | HP: 41/170 [Tiamat/bolt of dispelling energy (17)]
 51912 | Zot:1    | 51912 ||| READING 15 scrolls of teleportation.
 51913 | Zot:1    | 51913 ||| DRINKING 5 potions of heal wounds.
 51922 | Zot:1    | Killed Tiamat
 51924 | Zot:1    | 51924 ||| INVOKING Heroism.
 51940 | Zot:1    | HP: 39/170 [red draconian/searing blast[Tiamat] (15)]
 51941 | Zot:1    | 51941 ||| READING 14 scrolls of teleportation.
 51942 | Zot:1    | 51942 ||| DRINKING 4 potions of heal wounds.
 51946 | Zot:1    | HP: 38/170 [red draconian][Tiamat] (10)]
 51947 | Zot:1    | 51947 ||| READING 13 scrolls of teleportation.
 51948 | Zot:1    | 51948 ||| DRINKING 3 potions of heal wounds.
 51949 | Zot:1    | 51949 ||| READING 12 scrolls of teleportation.
 51950 | Zot:1    | 51950 ||| DRINKING 2 potions of heal wounds.
 51951 | Zot:1    | 51951 ||| DRINKING potion of heal wounds.
 51953 | Zot:1    | HP: 41/170 [something (11)]
 51965 | Zot:1    | 51965 ||| READING 11 scrolls of teleportation.
 51970 | Zot:1    | 51970 ||| READING 10 scrolls of teleportation.
 51972 | Zot:1    | HP: 34/170 [black draconian/bolt of lightning[a black
                  | draconian knight] (8)]
 51979 | Zot:1    | 51979 ||| STAIRDANCE
 51982 | Depths:4 | HP: 36/170 [black draconian/bolt of lightning[a black
                  | draconian knight] (2)]
 52144 | Depths:4 | 52144 ||| INVOKING Heroism.
 52269 | Depths:4 | 52269 ||| UPGRADING to +2 cloak of the Candlemaker {rF++
                  | rCorr Str-3 Dex+4}.
 52359 | Zot:1    | 52359 ||| Stepping ~*~*~tactically~*~*~ (hiding).
 52361 | Zot:1    | 52361 ||| INVOKING Heroism.
 52458 | Zot:1    | Noticed a Killer Klown
 52474 | Zot:1    | 52474 ||| INVOKING Heroism.
 52489 | Zot:1    | Noticed a Killer Klown
 52508 | Zot:1    | Killed a Killer Klown
 52512 | Zot:1    | Killed a Killer Klown
 52543 | Zot:1    | 52543 ||| Stepping ~*~*~tactically~*~*~ (hiding).
 52552 | Zot:1    | 52552 ||| INVOKING Heroism.
 52719 | Zot:1    | 52719 ||| Stepping ~*~*~tactically~*~*~ (stealth).
 52758 | Zot:1    | 52758 ||| INVOKING Heroism.
 52887 | Zot:1    | 52887 ||| Stepping ~*~*~tactically~*~*~ (hiding).
 53154 | Zot:1    | 53154 ||| Stepping ~*~*~tactically~*~*~ (stealth).
 53156 | Zot:1    | 53156 ||| Stepping ~*~*~tactically~*~*~ (hiding).
 53157 | Zot:1    | 53157 ||| Stepping ~*~*~tactically~*~*~ (hiding).
 53159 | Zot:1    | 53159 ||| Stepping ~*~*~tactically~*~*~ (hiding).
 53360 | Zot:2    | Noticed an orb of fire
 53361 | Zot:2    | 53361 ||| INVOKING Heroism.
 53374 | Zot:2    | Gained mutation: Your spells are a little harder to cast,
                  | but a little more powerful. [an orb of fire]
 53387 | Zot:2    | Killed an orb of fire
 53409 | Zot:2    | Reached skill level 12 in Dodging
 53422 | Zot:2    | 53422 ||| INVOKING Heroism.
 53692 | Zot:2    | 53692 ||| Stepping ~*~*~tactically~*~*~ (hiding).
 53694 | Zot:2    | 53694 ||| Stepping ~*~*~tactically~*~*~ (stealth).
 53696 | Zot:2    | 53696 ||| Stepping ~*~*~tactically~*~*~ (stealth).
 53697 | Zot:2    | 53697 ||| INVOKING Heroism.
 53712 | Zot:2    | 53712 ||| Stepping ~*~*~tactically~*~*~ (hiding).
 53712 | Zot:2    | Noticed an orb of fire
 53712 | Zot:2    | Gained mutation: You sometimes lose your temper in combat.
                  | [an orb of fire]
 53713 | Zot:2    | 53713 ||| Stepping ~*~*~tactically~*~*~ (hiding).
 53714 | Zot:2    | 53714 ||| INVOKING Finesse.
 53743 | Zot:2    | Killed an orb of fire
 53885 | Zot:2    | 53885 ||| DRINKING 11 potions of mutation.
 53885 | Zot:2    | Lost mutation: A frigid envelope surrounds you and freezes
                  | all who hurt you. [potion of mutation]
 53885 | Zot:2    | Lost mutation: You sometimes lose your temper in combat.
                  | [potion of mutation]
 53885 | Zot:2    | Lost mutation: Your spells are a little harder to cast, but
                  | a little more powerful. [potion of mutation]
 53885 | Zot:2    | Gained mutation: Your muscles are strong. (Str +4, Int/Dex
                  | -1) [potion of mutation]
 53939 | Zot:2    | 53939 ||| INVOKING Heroism.
 53965 | Zot:2    | Received a gift from Okawaru
 54453 | Zot:2    | Found a transporter.
 54924 | Zot:3    | 54924 ||| INVOKING Heroism.
 54932 | Zot:3    | Reached skill level 23 in Fighting
 55024 | Zot:3    | Noticed an orb of fire
 55025 | Zot:3    | 55025 ||| INVOKING Heroism.
 55026 | Zot:3    | 55026 ||| INVOKING Finesse.
 55027 | Zot:3    | Gained mutation: Your muscles are very strong. (Str +8,
                  | Int/Dex -2) [an orb of fire]
 55030 | Zot:3    | Gained mutation: You are dopey. (Int -2) [an orb of fire]
 55031 | Zot:3    | Gained mutation: You occasionally shout uncontrollably at
                  | your foes. [an orb of fire]
 55044 | Zot:3    | Killed an orb of fire
 55239 | Zot:3    | Identified the +3 robe of the Archfiend {rElec Stlth+}
                  | (Okawaru gifted it to you on level 3 of the Realm of Zot)
 55239 | Zot:3    | Received a gift from Okawaru
 55250 | Zot:3    | 55250 ||| INVOKING Heroism.
 55598 | Zot:3    | 55598 ||| FLEEEEING.
 55599 | Zot:3    | 55599 ||| FLEEEEING.
 55606 | Zot:3    | 55606 ||| Stepping ~*~*~tactically~*~*~ (hiding).
 55608 | Zot:3    | 55608 ||| INVOKING Heroism.
 55635 | Zot:3    | 55635 ||| INVOKING Heroism.
 55653 | Zot:3    | Reached XP level 25. HP: 49/176 MP: 6/30
 55653 | Zot:3    | HP: 39/178 [white draconian stormcaller/divine providence[a
                  | black draconian knight] (11)]
 55654 | Zot:3    | 55654 ||| READING 9 scrolls of teleportation.
 56162 | Zot:3    | 56162 ||| INVOKING Heroism.
 56184 | Zot:3    | 56184 ||| UPGRADING to +2 tower shield.
 56194 | Zot:3    | 56194 ||| DROPPING +1 tower shield of reflection.
 56252 | Zot:4    | 56252 ||| INVOKING Heroism.
 56283 | Zot:4    | 56283 ||| Stepping ~*~*~tactically~*~*~ (hiding).
 56308 | Zot:4    | 56308 ||| Stepping ~*~*~tactically~*~*~ (hiding).
 56312 | Zot:4    | 56312 ||| INVOKING Heroism.
 56453 | Zot:4    | 56453 ||| INVOKING Heroism.
 56464 | Zot:4    | Reached skill level 21 in Armour
 56491 | Zot:4    | 56491 ||| Stepping ~*~*~tactically~*~*~ (hiding).
 56492 | Zot:4    | 56492 ||| Stepping ~*~*~tactically~*~*~ (hiding).
 56493 | Zot:4    | 56493 ||| Stepping ~*~*~tactically~*~*~ (hiding).
 56494 | Zot:4    | 56494 ||| Stepping ~*~*~tactically~*~*~ (hiding).
 56543 | Zot:4    | 56543 ||| FLEEEEING.
 56544 | Zot:4    | 56544 ||| FLEEEEING.
 56546 | Zot:4    | 56546 ||| FLEEEEING.
 56550 | Zot:4    | 56550 ||| STAIRDANCE
 56645 | Zot:4    | 56645 ||| INVOKING Heroism.
 56649 | Zot:4    | 56649 ||| Stepping ~*~*~tactically~*~*~ (hiding).
 56784 | Zot:4    | 56784 ||| Stepping ~*~*~tactically~*~*~ (stealth).
 56787 | Zot:4    | 56787 ||| Stepping ~*~*~tactically~*~*~ (stealth).
 56796 | Zot:4    | 56796 ||| Stepping ~*~*~tactically~*~*~ (cloud).
 56808 | Zot:4    | 56808 ||| Stepping ~*~*~tactically~*~*~ (stealth).
 56857 | Zot:4    | 56857 ||| Stepping ~*~*~tactically~*~*~ (stealth).
 57160 | Zot:4    | 57160 ||| Stepping ~*~*~tactically~*~*~ (stealth).
 57161 | Zot:4    | 57161 ||| Stepping ~*~*~tactically~*~*~ (stealth).
 57162 | Zot:4    | 57162 ||| INVOKING Heroism.
 57246 | Zot:4    | 57246 ||| PLANNING SLIME:5
 57676 | Slime:1  | Entered Level 1 of the Pits of Slime
 57677 | Slime:1  | 57677 ||| STAIRDANCE
 57683 | Slime:1  | 57683 ||| STAIRDANCE
 57709 | Slime:1  | Received a gift from Okawaru
 57764 | Slime:2  | 57764 ||| STAIRDANCE
 57774 | Slime:2  | 57774 ||| STAIRDANCE
 57780 | Slime:2  | Gained mutation: Your spells are a little easier to cast,
                  | but a little less powerful. [a shining eye]
 57806 | Slime:3  | 57806 ||| STAIRDANCE
 57814 | Slime:3  | 57814 ||| STAIRDANCE
 57815 | Slime:3  | 57815 ||| DRINKING 17 potions of curing.
 57815 | Slime:3  | 57815 ||| (to cure confusion)
 57817 | Slime:3  | 57817 ||| DRINKING 16 potions of curing.
 57817 | Slime:3  | 57817 ||| (to cure confusion)
 57818 | Slime:3  | 57818 ||| DRINKING 15 potions of curing.
 57818 | Slime:3  | 57818 ||| (to cure confusion)
 57821 | Slime:3  | 57821 ||| DRINKING 14 potions of curing.
 57821 | Slime:3  | 57821 ||| (to cure confusion)
 57823 | Slime:3  | 57823 ||| DRINKING 13 potions of curing.
 57823 | Slime:3  | 57823 ||| (to cure confusion)
 57825 | Slime:3  | 57825 ||| DRINKING 12 potions of curing.
 57825 | Slime:3  | 57825 ||| (to cure confusion)
 57827 | Slime:3  | 57827 ||| DRINKING 11 potions of curing.
 57827 | Slime:3  | 57827 ||| (to cure confusion)
 57830 | Slime:3  | 57830 ||| DRINKING 10 potions of curing.
 57830 | Slime:3  | 57830 ||| (to cure confusion)
 57837 | Slime:3  | 57837 ||| DRINKING 9 potions of curing.
 57837 | Slime:3  | 57837 ||| (to cure confusion)
 57838 | Slime:3  | 57838 ||| DRINKING 8 potions of curing.
 57838 | Slime:3  | 57838 ||| (to cure confusion)
 57880 | Slime:4  | Reached skill level 24 in Fighting
 57895 | Slime:5  | Entered Level 5 of the Pits of Slime
 57993 | Slime:5  | 57993 ||| DRINKING 9 potions of cancellation.
 57994 | Slime:5  | 57994 ||| INVOKING Heroism.
 58045 | Slime:5  | 58045 ||| INVOKING Heroism.
 58047 | Slime:5  | Received a gift from Okawaru
 58205 | Slime:5  | Found a viscous altar of Jiyva.
 58254 | Slime:5  | Noticed the Royal Jelly
 58255 | Slime:5  | 58255 ||| INVOKING Heroism.
 58293 | Slime:5  | 58293 ||| DRINKING 8 potions of cancellation.
 58297 | Slime:5  | Killed the Royal Jelly
 58557 | Slime:5  | 58557 ||| INVOKING Heroism.
 58659 | Slime:5  | Identified the +1 ring mail of Xueh {rPois rN++}
 58679 | Slime:5  | 58679 ||| READING 3 scrolls of enchant armour.
 58679 | Slime:5  | 58679 ||| ENCHANTING +1 pair of gloves.
 58680 | Slime:5  | Identified the staff of air "Eronieph" {rElec rF+ rN+ Int-5
                  | Dex+2}
 58684 | Slime:5  | Got a slimy rune of Zot
 58703 | Slime:5  | Identified the +6 short sword of Triumph {flame, +Blink
                  | Dex+5}
 58716 | Slime:5  | Identified the +0 long sword "Biyboa" {vamp, rPois rF+
                  | SInv}
 58734 | Slime:5  | Identified the +4 arbalest of Joyn {freeze, Will+ Int+2}
 58970 | Slime:5  | 58970 ||| PLANNING THE SHINING ONE WORSHIP
 58970 | Slime:5  | 58970 ||| UPGRADING to +0 cloak of Okawaru's Regard
                  | {Rampage Will+++ Int-4}.
 58980 | Slime:5  | 58980 ||| DROPPING +6 acid dragon scales "Diomuh" {-Tele
                  | rElec rC+ rCorr}.
 58981 | Slime:5  | 58981 ||| UPGRADING to +2 pair of gloves of strength.
 58991 | Slime:5  | 58991 ||| DROPPING +2 pair of gloves.
 58992 | Slime:5  | 58992 ||| DROPPING ring of resist corrosion.
 58993 | Slime:5  | 58993 ||| DROPPING ring of wizardry.
 58994 | Slime:5  | 58994 ||| DROPPING ring of resist corrosion.
 58995 | Slime:5  | 58995 ||| DROPPING ring of willpower.
 58996 | Slime:5  | 58996 ||| DROPPING ring of magical power.
 59311 | Temple   | Fell from the grace of Okawaru
 59311 | Temple   | Became a worshipper of the Shining One
 59311 | Temple   | 59311 ||| PLANNING CRYPT
 59614 | Crypt:1  | Entered Level 1 of the Crypt
 59668 | Crypt:1  | Reached * piety under the Shining One
 59915 | Crypt:1  | 59915 ||| Stepping ~*~*~tactically~*~*~ (hiding).
 59930 | Crypt:1  | Reached ** piety under the Shining One
 59936 | Crypt:1  | 59936 ||| Stepping ~*~*~tactically~*~*~ (stealth).
 59968 | Crypt:1  | Noticed Margery
 59969 | Crypt:1  | 59969 ||| DRINKING potion of resistance.
 59972 | Crypt:1  | Reached *** piety under the Shining One
 59980 | Crypt:1  | 59980 ||| INVOKING Cleansing Flame.
 59984 | Crypt:1  | 59984 ||| INVOKING Cleansing Flame.
 59986 | Crypt:1  | Noticed Grunn
 59998 | Crypt:1  | 59998 ||| INVOKING Cleansing Flame.
 60012 | Crypt:1  | Reached **** piety under the Shining One
 60013 | Crypt:1  | 60013 ||| INVOKING Cleansing Flame.
 60020 | Crypt:1  | Killed Margery
 60021 | Crypt:1  | Reached skill level 12 in Invocations
 60033 | Crypt:1  | Killed Grunn
 60213 | Crypt:1  | 60213 ||| Stepping ~*~*~tactically~*~*~ (hiding).
 60214 | Crypt:1  | 60214 ||| Stepping ~*~*~tactically~*~*~ (hiding).
 60267 | Crypt:1  | 60267 ||| Stepping ~*~*~tactically~*~*~ (stealth).
 60268 | Crypt:1  | Reached ***** piety under the Shining One
 60473 | Crypt:1  | 60473 ||| DRINKING 6 potions of magic.
 60473 | Crypt:1  | 60473 ||| PLANNING CRYPT
 60473 | Crypt:1  | 60473 ||| DRINKING 6 potions of magic.
 60473 | Crypt:1  | 60473 ||| PLANNING CRYPT
 60819 | Crypt:1  | 60819 ||| DROPPING +2 pair of gloves.
 60820 | Crypt:1  | 60820 ||| DROPPING +2 cloak of Ishy {rPois Will- SInv}.
 60868 | Crypt:2  | 60868 ||| Stepping ~*~*~tactically~*~*~ (hiding).
 60882 | Crypt:2  | 60882 ||| INVOKING Cleansing Flame.
 60985 | Crypt:2  | 60985 ||| FLEEEEING.
 60986 | Crypt:2  | 60986 ||| FLEEEEING.
 60987 | Crypt:2  | 60987 ||| FLEEEEING.
 60990 | Crypt:2  | 60990 ||| STAIRDANCE
 61162 | Crypt:2  | 61162 ||| Stepping ~*~*~tactically~*~*~ (hiding).
 61168 | Crypt:2  | 61168 ||| Stepping ~*~*~tactically~*~*~ (hiding).
 61295 | Crypt:2  | Reached XP level 26. HP: 184/184 MP: 7/32
 61301 | Crypt:2  | 61301 ||| INVOKING Cleansing Flame.
 61315 | Crypt:2  | 61315 ||| Stepping ~*~*~tactically~*~*~ (hiding).
 61316 | Crypt:2  | 61316 ||| Stepping ~*~*~tactically~*~*~ (hiding).
 61318 | Crypt:2  | 61318 ||| Stepping ~*~*~tactically~*~*~ (hiding).
 61345 | Crypt:2  | 61345 ||| Stepping ~*~*~tactically~*~*~ (stealth).
 61412 | Crypt:2  | 61412 ||| Stepping ~*~*~tactically~*~*~ (hiding).
 61444 | Crypt:2  | Reached ****** piety under the Shining One
 61636 | Crypt:2  | 61636 ||| Stepping ~*~*~tactically~*~*~ (cloud).
 61812 | Crypt:2  | 61812 ||| Stepping ~*~*~tactically~*~*~ (stealth).
 61973 | Crypt:3  | Entered Level 3 of the Crypt
 61976 | Crypt:3  | 61976 ||| FLEEEEING.
 61977 | Crypt:3  | 61977 ||| FLEEEEING.
 61978 | Crypt:3  | 61978 ||| STAIRDANCE
 62382 | Crypt:3  | Reached skill level 15 in Invocations
 62405 | Crypt:3  | 62405 ||| Stepping ~*~*~tactically~*~*~ (hiding).
 62406 | Crypt:3  | 62406 ||| Stepping ~*~*~tactically~*~*~ (hiding).
 62452 | Crypt:3  | 62452 ||| INVOKING Brand Weapon With Holy Wrath.
 62452 | Crypt:3  | Identified a +2 war axe of holy wrath (a +0 war axe of
                  | distortion blessed by the Shining One)
 62452 | Crypt:3  | Received a gift from the Shining One
 62488 | Crypt:3  | 62488 ||| Stepping ~*~*~tactically~*~*~ (stealth).
 62489 | Crypt:3  | 62489 ||| Stepping ~*~*~tactically~*~*~ (stealth).
 62490 | Crypt:3  | 62490 ||| Stepping ~*~*~tactically~*~*~ (stealth).
 62527 | Crypt:3  | 62527 ||| DROPPING +2 war axe of holy wrath.
 62529 | Crypt:3  | Found a staircase to the Tomb.
 62997 | Crypt:3  | Noticed an ancient lich
 62998 | Crypt:3  | 62998 ||| INVOKING Summon Divine Warrior.
 62998 | Crypt:3  | Identified the +3 tower shield of Appegyid {rF+ rCorr}
 63008 | Crypt:3  | Killed an ancient lich
 63128 | Crypt:3  | Identified the +5 great sword "Murmur" {flame, rPois}
 63131 | Crypt:3  | Identified the ring of Beaclo {rElec rN+ rCorr Int+3}
 63131 | Crypt:3  | Identified the amulet of the Original Sin {Regen+ Dex+3}
 63131 | Crypt:3  | Identified the ring "Enloafis" {rN+ Will+ MP+9 Str+4}
 63509 | Crypt:3  | Noticed Frederick
 63523 | Crypt:3  | Killed Frederick
 63630 | Crypt:3  | 63630 ||| Stepping ~*~*~tactically~*~*~ (hiding).
 63632 | Crypt:3  | 63632 ||| Stepping ~*~*~tactically~*~*~ (hiding).
 63768 | Crypt:3  | 63768 ||| FLEEEEING.
 63769 | Crypt:3  | 63769 ||| FLEEEEING.
 63770 | Crypt:3  | 63770 ||| Stepping ~*~*~tactically~*~*~ (hiding).
 63771 | Crypt:3  | 63771 ||| Stepping ~*~*~tactically~*~*~ (hiding).
 63773 | Crypt:3  | 63773 ||| Stepping ~*~*~tactically~*~*~ (hiding).
 63777 | Crypt:3  | 63777 ||| Stepping ~*~*~tactically~*~*~ (hiding).
 63778 | Crypt:3  | 63778 ||| Stepping ~*~*~tactically~*~*~ (hiding).
 63780 | Crypt:3  | 63780 ||| Stepping ~*~*~tactically~*~*~ (hiding).
 63781 | Crypt:3  | 63781 ||| Stepping ~*~*~tactically~*~*~ (hiding).
 63782 | Crypt:3  | 63782 ||| Stepping ~*~*~tactically~*~*~ (hiding).
 63787 | Crypt:3  | 63787 ||| Stepping ~*~*~tactically~*~*~ (hiding).
 63789 | Crypt:3  | 63789 ||| Stepping ~*~*~tactically~*~*~ (hiding).
 63790 | Crypt:3  | 63790 ||| Stepping ~*~*~tactically~*~*~ (hiding).
 63879 | Crypt:3  | 63879 ||| PLANNING TOMB
 63879 | Crypt:3  | 63879 ||| DROPPING amulet of reflection.
 63880 | Crypt:3  | 63880 ||| DROPPING ring of Beaclo {rElec rN+ rCorr Int+3}.
 63881 | Crypt:3  | 63881 ||| DROPPING ring "Enloafis" {rN+ Will+ MP+9 Str+4}.
 63933 | Tomb:1   | Entered Level 1 of the Tomb of the Ancients
 64239 | Tomb:1   | 64239 ||| INVOKING Summon Divine Warrior.
 64413 | Tomb:1   | 64413 ||| INVOKING Cleansing Flame.
 64424 | Tomb:1   | 64424 ||| FLEEEEING.
 64452 | Tomb:1   | 64452 ||| INVOKING Cleansing Flame.
 64602 | Tomb:1   | Reached skill level 18 in Invocations
 64610 | Tomb:1   | Noticed a royal mummy
 64611 | Tomb:1   | 64611 ||| INVOKING Summon Divine Warrior.
 64618 | Tomb:1   | 64618 ||| INVOKING Cleansing Flame.
 64625 | Tomb:1   | Killed a royal mummy
 64923 | Tomb:1   | Paralysed by a Zot trap for 2 turns
 65031 | Tomb:1   | Was forgiven by Okawaru
 65788 | Tomb:2   | 65788 ||| DRINKING 9 potions of haste.
 65789 | Tomb:2   | 65789 ||| DRINKING 7 potions of attraction.
 65792 | Tomb:2   | Noticed a royal mummy
 65793 | Tomb:2   | 65793 ||| INVOKING Summon Divine Warrior.
 65793 | Tomb:2   | Noticed a royal mummy
 65793 | Tomb:2   | Noticed a royal mummy
 65798 | Tomb:2   | Noticed a royal mummy
 65798 | Tomb:2   | Noticed a royal mummy
 65799 | Tomb:2   | 65799 ||| INVOKING Cleansing Flame.
 65799 | Tomb:2   | Killed a royal mummy
 65801 | Tomb:2   | Killed a royal mummy
 65802 | Tomb:2   | 65802 ||| INVOKING Cleansing Flame.
 65803 | Tomb:2   | Killed a royal mummy
 65804 | Tomb:2   | Reached skill level 25 in Fighting
 65806 | Tomb:2   | 65806 ||| INVOKING Cleansing Flame.
 65807 | Tomb:2   | Killed a royal mummy
 65809 | Tomb:2   | Killed a royal mummy
 65829 | Tomb:2   | Reached XP level 27. HP: 114/193 MP: 9/36
 65922 | Tomb:2   | 65922 ||| INVOKING Cleansing Flame.
 65927 | Tomb:2   | 65927 ||| INVOKING Cleansing Flame.
 66440 | Tomb:1   | Noticed a royal mummy
 66441 | Tomb:1   | 66441 ||| INVOKING Summon Divine Warrior.
 66443 | Tomb:1   | Noticed a royal mummy
 66448 | Tomb:1   | Noticed a royal mummy
 66455 | Tomb:1   | Killed a royal mummy
 66461 | Tomb:1   | 66461 ||| INVOKING Cleansing Flame.
 66478 | Tomb:1   | 66478 ||| INVOKING Cleansing Flame.
 66478 | Tomb:1   | Killed a royal mummy
 66479 | Tomb:1   | Noticed a royal mummy
 66489 | Tomb:1   | Killed a royal mummy
 66490 | Tomb:1   | 66490 ||| INVOKING Cleansing Flame.
 66507 | Tomb:1   | Noticed a royal mummy
 66509 | Tomb:1   | Noticed a royal mummy
 66518 | Tomb:1   | Killed a royal mummy
 66522 | Tomb:1   | 66522 ||| INVOKING Cleansing Flame.
 66527 | Tomb:1   | Killed a royal mummy
 66528 | Tomb:1   | 66528 ||| INVOKING Summon Divine Warrior.
 66533 | Tomb:1   | Noticed a royal mummy
 66542 | Tomb:1   | Noticed a royal mummy
 66562 | Tomb:1   | Noticed a royal mummy
 66562 | Tomb:1   | HP: 47/195 [royal mummy/divine providence (16)]
 66563 | Tomb:1   | 66563 ||| READING 12 scrolls of teleportation.
 66564 | Tomb:1   | 66564 ||| DRINKING 4 potions of heal wounds.
 66566 | Tomb:1   | 66566 ||| DRINKING 3 potions of heal wounds.
 66921 | Tomb:1   | Noticed a royal mummy
 66922 | Tomb:1   | 66922 ||| INVOKING Cleansing Flame.
 66924 | Tomb:1   | Noticed a royal mummy
 66939 | Tomb:1   | Killed a royal mummy
 66940 | Tomb:1   | 66940 ||| INVOKING Summon Divine Warrior.
 66952 | Tomb:1   | HP: 43/195 [??? (8)]
 66953 | Tomb:1   | 66953 ||| READING 11 scrolls of teleportation.
 66954 | Tomb:1   | 66954 ||| DRINKING 2 potions of heal wounds.
 66955 | Tomb:1   | 66955 ||| DRINKING potion of heal wounds.
 67280 | Tomb:1   | 67280 ||| Stepping ~*~*~tactically~*~*~ (stealth).
 67282 | Tomb:1   | Noticed a royal mummy
 67283 | Tomb:1   | 67283 ||| INVOKING Summon Divine Warrior.
 67289 | Tomb:1   | Killed a royal mummy
 67293 | Tomb:1   | Killed a royal mummy
 67297 | Tomb:1   | Killed a royal mummy
 67301 | Tomb:1   | Killed a royal mummy
 67510 | Tomb:1   | Noticed a royal mummy
 67511 | Tomb:1   | 67511 ||| INVOKING Summon Divine Warrior.
 67515 | Tomb:1   | Noticed a royal mummy
 67522 | Tomb:1   | Killed a royal mummy
 67528 | Tomb:1   | Killed a royal mummy
 67531 | Tomb:1   | 67531 ||| INVOKING Cleansing Flame.
 67542 | Tomb:1   | Killed a royal mummy
 67546 | Tomb:1   | Killed a royal mummy
 67574 | Tomb:1   | Noticed a royal mummy
 67577 | Tomb:1   | 67577 ||| INVOKING Cleansing Flame.
 67584 | Tomb:1   | Killed a royal mummy
 67778 | Tomb:1   | Noticed a royal mummy
 67785 | Tomb:1   | 67785 ||| INVOKING Cleansing Flame.
 67791 | Tomb:1   | Killed a royal mummy
 68064 | Tomb:2   | 68064 ||| INVOKING Cleansing Flame.
 68083 | Tomb:2   | 68083 ||| INVOKING Cleansing Flame.
 68089 | Tomb:2   | 68089 ||| INVOKING Cleansing Flame.
 68093 | Tomb:2   | 68093 ||| INVOKING Cleansing Flame.
 68324 | Tomb:3   | Entered Level 3 of the Tomb of the Ancients
 68325 | Tomb:3   | 68325 ||| DRINKING 8 potions of haste.
 68326 | Tomb:3   | 68326 ||| DRINKING 6 potions of attraction.
 68339 | Tomb:3   | Reached skill level 26 in Fighting
 68346 | Tomb:3   | Noticed a royal mummy
 68347 | Tomb:3   | 68347 ||| INVOKING Summon Divine Warrior.
 68351 | Tomb:3   | Noticed a royal mummy
 68360 | Tomb:3   | Killed a royal mummy
 68374 | Tomb:3   | 68374 ||| INVOKING Cleansing Flame.
 68374 | Tomb:3   | Killed a royal mummy
 68375 | Tomb:3   | Noticed a royal mummy
 68377 | Tomb:3   | Noticed a royal mummy
 68380 | Tomb:3   | 68380 ||| INVOKING Cleansing Flame.
 68382 | Tomb:3   | Killed a royal mummy
 68387 | Tomb:3   | 68387 ||| INVOKING Cleansing Flame.
 68390 | Tomb:3   | Killed a royal mummy
 68393 | Tomb:3   | Noticed a royal mummy
 68394 | Tomb:3   | Noticed a royal mummy
 68401 | Tomb:3   | 68401 ||| INVOKING Cleansing Flame.
 68407 | Tomb:3   | HP: 42/198 [royal mummy/divine providence (10)]
 68408 | Tomb:3   | 68408 ||| READING 10 scrolls of teleportation.
 68409 | Tomb:3   | 68409 ||| INVOKING Cleansing Flame.
 68409 | Tomb:3   | Killed a royal mummy
 68427 | Tomb:3   | 68427 ||| READING 9 scrolls of teleportation.
 68432 | Tomb:3   | 68432 ||| READING 8 scrolls of teleportation.
 68506 | Tomb:3   | 68506 ||| INVOKING Summon Divine Warrior.
 68510 | Tomb:3   | Noticed a royal mummy
 68522 | Tomb:3   | Killed a royal mummy
 68522 | Tomb:3   | HP: 45/198 [something (20)]
 68918 | Tomb:3   | 68918 ||| READING scroll of acquirement.
 68918 | Tomb:3   | 68918 ||| ACQUIRING +2 broad axe of flaming
 68918 | Tomb:3   | Acquired a +2 broad axe of flaming
 68920 | Tomb:3   | 68920 ||| DROPPING +0 broad axe.
 69073 | Tomb:3   | Got a golden rune of Zot
 69118 | Tomb:3   | Noticed a royal mummy
 69119 | Tomb:3   | 69119 ||| INVOKING Cleansing Flame.
 69128 | Tomb:3   | Killed a royal mummy
 69139 | Tomb:3   | Killed a royal mummy
 69149 | Tomb:3   | 69149 ||| INVOKING Cleansing Flame.
 69356 | Tomb:3   | Identified the +2 leather armour "Moirphiri" {Str-3 Int+6
                  | SInv}
 69455 | Tomb:3   | Identified the ring of Mistrust {rElec rC+ Will+ Str+6}
 69507 | Tomb:3   | Noticed a royal mummy
 69511 | Tomb:3   | 69511 ||| INVOKING Cleansing Flame.
 69515 | Tomb:3   | Killed a royal mummy
 69679 | Tomb:3   | 69679 ||| DROPPING ring of protection from cold.
 69695 | Tomb:3   | Identified the amulet of the Twisting Gods {Faith rPois
                  | Slay+2}
 69706 | Tomb:3   | Identified the +5 scale mail "Nopeq" {rPois Int+2 Dex+2
                  | SInv}
 69715 | Tomb:3   | Identified the ring "Iruos" {*Corrode Will+ Int+5 Dex+6}
 69731 | Tomb:3   | Identified the +1 plate armour "Sogewo Wie" {rN+ Dex+3}
 69757 | Tomb:3   | Identified the +6 scale mail of Yfiajun {Rampage Dex+4}
 69829 | Tomb:3   | 69829 ||| PLANNING PAN
 69829 | Tomb:3   | 69829 ||| DROPPING +0 pair of boots of rampaging.
 69830 | Tomb:3   | 69830 ||| UPGRADING to amulet of the Twisting Gods {Faith
                  | rPois Slay+2}.
 69840 | Tomb:3   | 69840 ||| DROPPING amulet of faith.
 69841 | Tomb:3   | 69841 ||| DROPPING ring "Iruos" {*Corrode Will+ Int+5
                  | Dex+6}.
 70283 | Pan      | Entered Pandemonium
 70306 | Pan      | 70306 ||| INVOKING Cleansing Flame.
 70388 | Pan      | 70388 ||| Stepping ~*~*~tactically~*~*~ (hiding).
 70487 | Pan      | 70487 ||| Stepping ~*~*~tactically~*~*~ (stealth).
 70488 | Pan      | 70488 ||| Stepping ~*~*~tactically~*~*~ (stealth).
 70489 | Pan      | 70489 ||| Stepping ~*~*~tactically~*~*~ (stealth).
 70492 | Pan      | 70492 ||| Stepping ~*~*~tactically~*~*~ (hiding).
 70493 | Pan      | 70493 ||| Stepping ~*~*~tactically~*~*~ (hiding).
 70494 | Pan      | 70494 ||| Stepping ~*~*~tactically~*~*~ (hiding).
 70495 | Pan      | 70495 ||| Stepping ~*~*~tactically~*~*~ (hiding).
 70807 | Pan      | 70807 ||| Stepping ~*~*~tactically~*~*~ (stealth).
 70906 | Pan      | 70906 ||| Stepping ~*~*~tactically~*~*~ (stealth).
 70972 | Pan      | Noticed Iliowku the pandemonium lord
 70973 | Pan      | 70973 ||| INVOKING Summon Divine Warrior.
 70994 | Pan      | Killed Iliowku the pandemonium lord
 71303 | Pan      | 71303 ||| Stepping ~*~*~tactically~*~*~ (hiding).
 71317 | Pan      | 71317 ||| INVOKING Summon Divine Warrior.
 71317 | Pan      | Noticed Ryant the pandemonium lord
 71348 | Pan      | 71348 ||| INVOKING Cleansing Flame.
 71348 | Pan      | Killed Ryant the pandemonium lord
 71534 | Pan      | 71534 ||| Stepping ~*~*~tactically~*~*~ (stealth).
 71957 | Pan      | Identified the +1 hand axe "Nytrorag" {antimagic, Int+3
                  | Dex+2 Stlth+}
 72005 | Pan      | 72005 ||| Stepping ~*~*~tactically~*~*~ (hiding).
 72006 | Pan      | 72006 ||| Stepping ~*~*~tactically~*~*~ (hiding).
 72007 | Pan      | 72007 ||| Stepping ~*~*~tactically~*~*~ (hiding).
 72009 | Pan      | 72009 ||| Stepping ~*~*~tactically~*~*~ (hiding).
 72010 | Pan      | 72010 ||| INVOKING Summon Divine Warrior.
 72041 | Pan      | 72041 ||| Stepping ~*~*~tactically~*~*~ (stealth).
 72042 | Pan      | 72042 ||| Stepping ~*~*~tactically~*~*~ (stealth).
 72044 | Pan      | 72044 ||| Stepping ~*~*~tactically~*~*~ (stealth).
 72045 | Pan      | 72045 ||| Stepping ~*~*~tactically~*~*~ (stealth).
 72046 | Pan      | 72046 ||| Stepping ~*~*~tactically~*~*~ (stealth).
 72047 | Pan      | 72047 ||| Stepping ~*~*~tactically~*~*~ (stealth).
 72048 | Pan      | 72048 ||| Stepping ~*~*~tactically~*~*~ (stealth).
 72049 | Pan      | 72049 ||| Stepping ~*~*~tactically~*~*~ (stealth).
 72050 | Pan      | 72050 ||| Stepping ~*~*~tactically~*~*~ (stealth).
 72051 | Pan      | 72051 ||| INVOKING Summon Divine Warrior.
 72100 | Pan      | Reached skill level 27 in Fighting
 72395 | Pan      | 72395 ||| Stepping ~*~*~tactically~*~*~ (stealth).
 72396 | Pan      | 72396 ||| Stepping ~*~*~tactically~*~*~ (stealth).
 72426 | Pan      | 72426 ||| Stepping ~*~*~tactically~*~*~ (stealth).
 72501 | Pan      | 72501 ||| Stepping ~*~*~tactically~*~*~ (stealth).
 72811 | Pan      | 72811 ||| Stepping ~*~*~tactically~*~*~ (stealth).
 72854 | Pan      | 72854 ||| Stepping ~*~*~tactically~*~*~ (stealth).
 72855 | Pan      | 72855 ||| Stepping ~*~*~tactically~*~*~ (stealth).
 72856 | Pan      | 72856 ||| Stepping ~*~*~tactically~*~*~ (stealth).
 72857 | Pan      | 72857 ||| Stepping ~*~*~tactically~*~*~ (stealth).
 72858 | Pan      | 72858 ||| Stepping ~*~*~tactically~*~*~ (stealth).
 73031 | Pan      | 73031 ||| READING 7 scrolls of teleportation.
 73032 | Pan      | Found a glowing silver altar of Zin.
 73161 | Pan      | 73161 ||| Stepping ~*~*~tactically~*~*~ (stealth).
 73169 | Pan      | Identified the ring of Tuofrud {rC- rN++ Will- Str+3 Dex+6}
 73169 | Pan      | Noticed a seraph
 73170 | Pan      | 73170 ||| INVOKING Summon Divine Warrior.
 73199 | Pan      | Killed a seraph
 73224 | Pan      | HP: 45/201 [daeva/divine providence (9)]
 73225 | Pan      | 73225 ||| READING 6 scrolls of teleportation.
 73226 | Pan      | 73226 ||| DRINKING potion of heal wounds.
 73230 | Pan      | 73230 ||| READING 5 scrolls of teleportation.
 73239 | Pan      | HP: 41/201 [angel/+2 whip of holy wrath (12)]
 73240 | Pan      | 73240 ||| READING 4 scrolls of teleportation.
 73245 | Pan      | Found a glowing golden altar of the Shining One.
 73245 | Pan      | Identified the ring of Qyla {Wiz rN+ Stlth+}
 73246 | Pan      | 73246 ||| READING 3 scrolls of teleportation.
 73250 | Pan      | 73250 ||| READING 2 scrolls of teleportation.
 73253 | Pan      | HP: 30/201 [angel/+1 whip of holy wrath (17)]
 73256 | Pan      | Identified the +7 tower shield of the Arcane {Stlth+}
 73257 | Pan      | 73257 ||| READING scroll of teleportation.
 73258 | Pan      | HP: 6/201 [daeva/divine providence (10)]
 73259 | Pan      | Killed from afar by a daeva

Levels and vault maps discovered:
D:1:      evilmike_arrival_rings, layout_rooms
D:2:      layout_rooms
D:3:      layout_basic, minmay_misc_feat_square
D:4:      layout_loops_ring, hangedman_decor_lopped, uniq_pikel, uniq_menkaure
D:5:      kennysheep_steamy, layout_loops_ring, nicolae_temple_entry_ecumenical,
          nicolae_ossuary_entry_monument, cheibrodos_sewer_entry_sluice,
          minivault_23, uniq_sigmund, uniq_crazy_yiuf_cottage
D:6:      layout_loops_corners, trog_wizard, nicolae_ashenzari_skybound,
          uniq_edmund
D:7:      layout_basic, serial_shops, shop, chequers_serial_rivers_large_b
D:8:      layout_basic, minmay_misc_feat_nine_boxes
D:9:      layout_basic
D:10:     layout_loops_ring, dpeg_oklobed_lair, david_orc_1_choice,
          hangedman_incinerator
D:11:     layout_layer_cave, gammafunk_ghost_stat_death
D:12:     layout_loops_cross, serial_shops,
          nicolae_shop_temple_entry_statues_fountains, disabler_island,
          uniq_maurice, uniq_azrael
D:13:     layout_roguey, david_vaults_1, hellmonk_guarded_unrand_vines,
          uniq_jorgrun
D:14:     nzn_winding_woodlands_small [nzn_winding_woodlands_5x15_eye,
          nzn_winding_woodlands_center_triple_pond,
          nzn_winding_woodlands_5x15_parted], layout_loops_ring, special_room
          [special_room_orc], serial_aquarium, aquarium_bridge_square
          [aquarium_subvault_bridge, aquarium_subvault_balcony,
          aquarium_subvault_window, aquarium_subvault_wall],
          aquarium_window_fake, aquarium_window_fake, aquarium_window_double,
          aquarium_view_2c, aquarium_view_2c, aquarium_balcony_1b,
          minmay_misc_feat_alley, uniq_snorg, uniq_roxanne
D:15:     grunt_enter_depths_giant_problem, layout_irregular_city,
          portal_ice_cave_entry_pillars_three, chequers_serial_rivers_micro_a
Temple:   nicolae_temple_bog_church
Lair:1:   layout_cave_shapes, gauntlet_entry_generic, grunt_megastairs_3,
          uniq_joseph
Lair:2:   layout_chaotic_city, minmay_snake_entry_guardpost_small,
          ebering_ghost_rock_garden
Lair:3:   layout_gridlike, skrybe_swamp_entry_bodies, lemuel_another_geyser,
          uniq_rupert
Lair:4:   layout_regular_city, slime_entry_1, minivault_25, st_stairs_4,
          infiniplex_staircase_pool_2
Lair:5:   evil_forest, layout_cave_shapes, basic_altar, st_stairs_7, tgw_fedhas
Swamp:1:  layout_basic_swamp, evilmike_swamp_ruin_house_6,
          nicolae_swamp_small_spring
Swamp:2:  layout_basic_swamp, hangedman_swamp_ruin_wall
Swamp:3:  layout_basic_swamp, ebering_ghost_disaster_area,
          evilmike_swamp_ruin_house_1, swamp_pool1
Swamp:4:  swamp_alternative, layout_basic_swamp,
          nicolae_swamp_nymph_family_reunion
Snake:1:  layout_concentric_octagons, serial_shops, shop, lemuel_fruit_tree,
          uniq_asterion
Snake:2:  layout_grid_maze
Snake:3:  layout_basic
Snake:4:  grunt_snake_rune_spirals, layout_onion, minmay_shop_grove
Slime:1:  layout_caves
Slime:2:  layout_caves
Slime:3:  layout_caves
Slime:4:  layout_caves, uniq_dissolution
Slime:5
Orc:1:    layout_caves, uniq_sonja
Orc:2:    st_orc_rangers, layout_caves
Vaults:1: nicolae_vaults_double_plus_3, hangedman_vaults_snaps,
          nicolae_vaults_mini_display_case, nicolae_vaults_swerve, v_misc_10,
          v_misc_14, v_misc_19, nicolae_vaults_shipping_containers_2,
          hangedman_vaults_stitches, nicolae_vaults_turnstiles,
          vaults_dpeg_diagonal, vaults_room_grunt_arrival_ludios,
          layout_vaults_big_room, uniq_aizul
Vaults:2: gammafunk_ghost_tricky_traps, vaults_dpeg_doors,
          nicolae_vaults_heart-shaped_vault, v_rooms_4, st_star,
          nicolae_vaults_closet_pinwheel_3, nicolae_vaults_tetromino_L_2,
          nicolae_vaults_little_squares_6, v_misc_30, ontoclasm_vaults_chip,
          layout_vaults_omnigrid, serial_shops, nicolae_shop_rolling_square
Vaults:3: v_misc_3, nicolae_vaults_double_plus_3, vaults_room_corners,
          nicolae_vaults_double_plus_3, nicolae_vaults_closet_pinwheel_4,
          v_misc_1, nicolae_vaults_diagonal_hallway_7,
          nicolae_vaults_surprise_closet, nicolae_vaults_little_squares_3,
          nicolae_vaults_house_3, ontoclasm_vaults_hangar,
          nicolae_vaults_hexular_roomagon, minmay_crypt_entry_nasty_monster,
          nicolae_vaults_shipping_containers_1, v_misc_1,
          nicolae_vaults_tetromino_T_1, layout_vaults_big_cross
Vaults:4: nicolae_vaults_storage_closets_2, nicolae_vaults_asterisk,
          vaults_room_stairs_pillars, nicolae_vaults_storage_room_doors,
          ontoclasm_vaults_ligature, nicolae_vaults_tangram_1,
          nicolae_vaults_border_crossing, nicolae_vaults_wrenched, v_misc_16,
          nicolae_vaults_tetromino_Z_1, nicolae_vaults_more_shelving_1,
          vaults_standard_mumra_lines, dpeg_vaults_monster_doublerow,
          layout_vaults_omnibox, serial_shops, shop, nicolae_shop_waterfront,
          shop, uniq_sojobo
Vaults:5: serial_shops
Crypt:1:  layout_chaotic_city, roderic_lattice_octagonal_star, uniq_margery,
          uniq_grunn
Crypt:2:  layout_chaotic_city
Crypt:3:  due_elkab, layout_chaotic_city, eino_tiny_chamber, uniq_frederick
Tomb:1
Tomb:2
Tomb:3
Depths:1: layout_forbidden_donut, hell_entry, lemuel_doored_altar,
          serial_rivers, chequers_serial_rivers_large_a,
          chequers_serial_rivers_micro_c, chequers_serial_rivers_small_3,
          chequers_serial_rivers_micro_c, chequers_serial_rivers_small_a,
          chequers_serial_rivers_small_3, yredelemnul_altar_generic,
          grunt_megastairs_4
Depths:2: grated_community_mu [grated_community_mu_vampire_home,
          grated_community_mu_giant_home, grated_community_mu_spellcaster_home,
          grated_community_mu_orcish_home, grated_community_mu_troll_home,
          grated_community_mu_taur_home, grated_community_mu_unbuilt_plot],
          layout_gridlike, hangedman_abyss_entry_splay, pan_entry, serial_shops,
          nicolae_shop_competitors_out_of_business,
          nicolae_shop_tiny_waterfront, grunt_hell_entry_dis_old, st_stairs_12,
          serial_bayou_pond_c, minmay_staircase_windowed_small
Depths:3: gammafunk_sealed_library, layout_gridlike, enter_ziggurat_f,
          minmay_room_of_horrors, bh_walls_and_bars, hell_entry,
          serial_hangedman_research, hangedman_research_probablistics,
          hangedman_research_thermodynamics, hangedman_research_electronics,
          hangedman_research_thanatology
Depths:4: grunt_x_marks_the_spot, layout_cave_pools, mu_enter_wizlab_5,
          xom_redecorated, lightli_too_deep, grunt_pan_entry_in_and_out
Zot:1:    grunt_zot_stairs_faceoff, layout_basic, grunt_megastairs_5,
          uniq_tiamat
Zot:2:    layout_misc_corridors, nicolae_diode_basic
Zot:3:    layout_gridlike
Zot:4:    layout_twisted_circle
Pan:      evilmike_mini_pan_3x3, layout_long_grid, evilmike_mini_pan_V,
          layout_chambers, evilmike_holy_pan

Skill      XL: |  1  2  3  4  5  6  7  8  9 10 11 12 13 14 15 16 17 18 19 20 21 22 23 24 25 26 27 |
---------------+----------------------------------------------------------------------------------+-----
Axes           | 2 3 4 5 7 8 10 11 12 14 15 16 18 | 18.0
Throwing       | 2 3 4 5 6 7 8 9 10 11 12 13 | 13.0
Fighting       | 4 6 7 8 9 10 12 13 15 16 18 19 21 22 23 24 25 27 | 27.0
Dodging        | 1 2 3 4 5 6 7 8 9 10 12 13 14 | 14.0
Armour         | 4 6 7 9 10 11 12 13 15 16 17 18 20 21 23 | 23.1
Shields        | 4 9 13 14 15 16 17 18 19 20 21 22 23 | 23.0
Invocations    | 4 9 10 13 18 20 | 20.9

Action                     |  1- 3 |  4- 6 |  7- 9 | 10-12 | 13-15 | 16-18 | 19-21 | 22-24 | 25-27 || total
---------------------------+-------+-------+-------+-------+-------+-------+-------+-------+-------++-------
  Melee: War axe           |    66 |    60 |   164 |    25 |       |       |       |       |       ||   315
         Kick              |     5 |     2 |       |       |       |       |       |       |       ||     7
         Broad axe         |       |       |       |   422 |   970 |  1715 |  1744 |  1876 |  2306 ||  9033
         Morningstar       |       |       |       |     6 |    40 |    10 |       |       |       ||    56
         Demon whip        |       |       |       |       |       |    20 |       |       |       ||    20
  Throw: Boomerang         |       |    15 |    30 |    52 |    13 |     5 |       |       |    27 ||   142
         Javelin           |       |       |    23 |    75 |   131 |   138 |    78 |   142 |   197 ||   784
 Invoke: Heroism           |       |       |       |    20 |    26 |    32 |    21 |    46 |    10 ||   155
         Finesse           |       |       |       |     1 |    11 |     4 |     9 |     9 |       ||    34
         Cleansing Flame   |       |       |       |       |       |       |       |       |    36 ||    36
         Summon Divine War |       |       |       |       |       |       |       |       |    16 ||    16
         Brand Weapon With |       |       |       |       |       |       |       |       |     1 ||     1
    Use: Scroll            |     4 |     1 |     9 |     8 |     6 |     3 |     1 |     7 |    15 ||    54
         Potion            |     1 |     3 |     1 |     6 |       |     1 |     1 |     8 |    22 ||    43
   Stab: Petrified         |       |       |       |       |       |     9 |       |       |       ||     9
         Petrifying        |       |       |       |       |       |     3 |       |       |       ||     3
         Sleeping          |       |       |       |       |       |       |       |     1 |       ||     1
 Armour: Scale mail        |    17 |       |       |       |       |       |       |       |       ||    17
         Chain mail        |     8 |    33 |    27 |       |       |       |       |       |       ||    68
         Plate armour      |       |       |    48 |   153 |   329 |   604 |   453 |   633 |   743 ||  2963
  Dodge: Dodged            |    30 |    25 |    75 |   168 |   366 |   574 |   526 |   821 |   884 ||  3469
  Block: Buckler           |    12 |     8 |    27 |     1 |       |       |       |       |       ||    48
         Tower shield      |       |       |       |   380 |   810 |  1567 |  1301 |  1705 |  2451 ||  8214
         Reflection        |       |       |       |       |       |       |     3 |    25 |       ||    28

Table legend:
 A = Non-vault XP
 B = Vault XP
 C = Vault XP percentage of total XP
 D = Non-vault monster count
 E = Vault monster count
 F = Vault count percentage of total count
                 A         B        C        D         E       F
            +---------+---------+-------+---------+---------+-------
      Total |  802670 |  757774 |  48.6 |    1462 |     937 |  39.1
            +---------+---------+-------+---------+---------+-------
        D:1 |      26 |       0 |   0.0 |      15 |       0 |   0.0
        D:2 |      87 |       0 |   0.0 |      20 |       0 |   0.0
        D:3 |      54 |       0 |   0.0 |      12 |       0 |   0.0
        D:4 |     329 |     842 |  71.9 |      23 |       2 |   8.0
        D:5 |     417 |     602 |  59.1 |       6 |       6 |  50.0
        D:6 |     426 |     157 |  26.9 |      19 |       1 |   5.0
        D:7 |    1406 |       0 |   0.0 |      21 |       0 |   0.0
        D:8 |     958 |       0 |   0.0 |      15 |       0 |   0.0
        D:9 |    1507 |       0 |   0.0 |       6 |       0 |   0.0
       D:10 |    3908 |    1567 |  28.6 |      18 |      16 |  47.1
       D:11 |    4434 |       0 |   0.0 |      18 |       0 |   0.0
       D:12 |    4039 |    2946 |  42.2 |      14 |      13 |  48.1
       D:13 |    8631 |    7395 |  46.1 |      19 |       8 |  29.6
       D:14 |   11240 |   12329 |  52.3 |      21 |      38 |  64.4
       D:15 |   10531 |    1053 |   9.1 |      27 |       1 |   3.6
     Lair:1 |    8976 |     407 |   4.3 |      35 |       1 |   2.8
     Lair:2 |    3489 |     637 |  15.4 |      15 |       4 |  21.1
     Lair:3 |    8985 |    3257 |  26.6 |      23 |       3 |  11.5
     Lair:4 |   11158 |     271 |   2.4 |      32 |       1 |   3.0
     Lair:5 |   18984 |   11820 |  38.4 |      59 |      29 |  33.0
    Swamp:1 |    9591 |       0 |   0.0 |      16 |       0 |   0.0
    Swamp:2 |    9779 |       0 |   0.0 |      18 |       0 |   0.0
    Swamp:3 |   14367 |       0 |   0.0 |      29 |       0 |   0.0
    Swamp:4 |    9168 |   12167 |  57.0 |      21 |      28 |  57.1
    Snake:1 |   14334 |    1659 |  10.4 |      32 |       1 |   3.0
    Snake:2 |   14383 |       0 |   0.0 |      30 |       0 |   0.0
    Snake:3 |    8734 |       0 |   0.0 |      21 |       0 |   0.0
    Snake:4 |   24707 |   37249 |  60.1 |      52 |      44 |  45.8
    Slime:1 |    6939 |       0 |   0.0 |      14 |       0 |   0.0
    Slime:2 |    1468 |       0 |   0.0 |       4 |       0 |   0.0
    Slime:3 |    7715 |       0 |   0.0 |      19 |       0 |   0.0
    Slime:4 |    1839 |       0 |   0.0 |       6 |       0 |   0.0
    Slime:5 |   10780 |   23339 |  68.4 |      24 |      16 |  40.0
      Orc:1 |    3686 |     785 |  17.6 |      36 |       1 |   2.7
      Orc:2 |    4843 |    5075 |  51.2 |      30 |      38 |  55.9
   Vaults:1 |   15803 |   28003 |  63.9 |      23 |      36 |  61.0
   Vaults:2 |   21030 |   27184 |  56.4 |      31 |      35 |  53.0
   Vaults:3 |   15273 |   22478 |  59.5 |      19 |      33 |  63.5
   Vaults:4 |   20356 |   50151 |  71.1 |      33 |      57 |  63.3
   Vaults:5 |   32869 |   90673 |  73.4 |      41 |      85 |  67.5
    Crypt:1 |   26771 |   12260 |  31.4 |      47 |       9 |  16.1
    Crypt:2 |   28948 |       0 |   0.0 |      41 |       0 |   0.0
    Crypt:3 |   25994 |   39812 |  60.5 |      35 |      58 |  62.4
     Tomb:1 |   11251 |   98008 |  89.7 |      27 |      67 |  71.3
     Tomb:2 |    9600 |   57748 |  85.7 |      35 |      74 |  67.9
     Tomb:3 |   22314 |   65346 |  74.5 |      27 |      58 |  68.2
   Depths:1 |   46803 |    4205 |   8.2 |      56 |       5 |   8.2
   Depths:2 |   29940 |    6384 |  17.6 |      36 |      10 |  21.7
   Depths:3 |   14111 |   28820 |  67.1 |      14 |      64 |  82.1
   Depths:4 |   15436 |   23710 |  60.6 |      15 |      26 |  63.4
      Zot:1 |   37959 |   33222 |  46.7 |      34 |      25 |  42.4
      Zot:2 |   54821 |       0 |   0.0 |      42 |       0 |   0.0
      Zot:3 |   35845 |       0 |   0.0 |      29 |       0 |   0.0
      Zot:4 |   35251 |       0 |   0.0 |      26 |       0 |   0.0
        Pan |   60377 |   43772 |  42.0 |      81 |      35 |  30.2
   Gauntlet |       0 |    2441 | 100.0 |       0 |       9 | 100.0
            +---------+---------+-------+---------+---------+-------
